 Dungeon Crawl Stone Soup version 0.27-a0-941-g386ccf399c (webtiles) character file.

Game seed: 17534171672485097667

1795579 Morbidden the Heavyweight Champion (level 27, 318/318 HPs)
             Began as a Troll Hunter on Mar 6, 2021.
             Was the Champion of Cheibriados.
             Quit the game on level 3 of the Depths on Apr 11, 2021.
             The game lasted 07:37:24 (152472 turns).

Morbidden the Heavyweight Champion (Troll Hunter) Turns: 152472, Time: 07:37:25

Health: 318/318    AC: 37    Str: 43    XL:     27
Magic:  69/69      EV: 49    Int: 39    God:    Cheibriados [******]
Gold:   22238      SH: 35    Dex: 25    Spells: 11/75 levels left

rFire    + . .     SeeInvis .     - Unarmed
rCold    . . .     Faith    .   K - +6 tower shield of Mesum {rN+ Slay+3}
rNeg     + . .     Spirit   .   n - +10 shadow dragon scales
rPois    +         Reflect  .   y - +3 hat of Pondering {ponderous, Will+ MP+10 Int+5}
rElec    .         Harm     .   G - +1 cloak of Starlight {*Dazzle EV+4 Stlth--}
rCorr    .         Rampage  .   (gloves unavailable)
Will     +++..                  (boots unavailable)
Stlth    +++++.....             Q - amulet "Esayrghou" {Acrobat Slay+3}
HPRegen  1.63/turn              I - +4 ring of slaying
MPRegen  0.41/turn              A - ring "Ujatieto" {rPois MP+9 Int+3 Slay+2}

@: acrobatic, studying 7 skills, very slow
A: large, unfitting armour, claws 3, regeneration 1, shaggy fur 1, tough skin 1,
fangs 1, repulsion field 1, molten scales 1, fire resistance 1, subdued magic 1
}: 15/15 runes: serpentine, barnacled, slimy, silver, golden, iron, obsidian,
icy, bone, abyssal, demonic, glowing, magical, fiery, dark
a: Renounce Religion, Bend Time, Temporal Distortion, Slouch, Step From Time


You were on level 3 of the Depths.
You worshipped Cheibriados.
Cheibriados was exalted by your worship.
You visited 18 branches of the dungeon, and saw 90 of its levels.
You visited Pandemonium 3 times, and saw 16 of its levels.
You visited the Abyss 4 times.
You visited 1 bazaar.
You completed 1 ziggurat, and saw 27 of its levels.
You also visited: Trove.

You collected 23974 gold pieces.
You spent 1736 gold pieces at shops.

Inventory:

Hand Weapons
 a - the +13 scythe of Curses {drain, Drain}
   (You found it on level 26 of a ziggurat)

   A truly terrible weapon, it drains the life of those it strikes.
   It drains your maximum health when unequipped.
 B - the +8 demon trident "Rift" {distort, reach+}
   (You found it on level 19 of a ziggurat)

   It warps and distorts space around it.
   Unwielding it can cause banishment or high damage.
 S - the +8 frozen axe "Frostbite" {freezing cloud, *Noise Fly rC+}
   (You found it on level 12 of a ziggurat)

   It has been specially enchanted to freeze those struck by it, causing extra
   injury to most foes and up to half again as much damage against particularly
   susceptible opponents.
   It can also slow down cold-blooded creatures.
   It protects you from cold.
   It grants you flight.
   It may make noises in combat.
 T - the +2 Maxwell's thermic engine {flame, freeze}
   (You found it on level 11 of a ziggurat)

   It has been specially enchanted to burn those struck by it, causing extra
   injury to most foes and up to half again as much damage against particularly
   susceptible opponents.
   Big, fiery blades are also staple armaments of hydra-hunters.
   It has been specially enchanted to freeze those struck by it, causing extra
   injury to most foes and up to half again as much damage against particularly
   susceptible opponents.
   It becomes more effective when it hits something.
   This effect fades over time.
Missiles
 c - 210 large rocks (quivered)
 d - 16 throwing nets
 s - 37 silver javelins
 P - 38 javelins
Armour
 i - the +2 hat of the Bear Spirit {Spirit, +Rage rN+ Will++}
   (You found it on level 17 of a ziggurat)

   It protects you from negative energy.
   It lets you go berserk.
   It greatly increases your willpower.
 l - the +2 hood of the Assassin {Detection Stab+ Stlth++}
   (You found it on level 5 of the Vaults)

   It makes you much more stealthy.
 n - +10 shadow dragon scales (worn)
 y - the +3 hat of Pondering (worn) {ponderous, Will+ MP+10 Int+5}
   (You acquired it on level 3 of the Depths)

   It affects your intelligence (+5).
   It affects your magic capacity (+10).
   It increases your willpower.
 G - the +1 cloak of Starlight (worn) {*Dazzle EV+4 Stlth--}
   (You found it on level 5 of the Vaults)

   It affects your evasion (+4).
   It makes you much less stealthy.
 H - the -2 hat of the Alchemist {rElec rPois rF+ rC+ rN+ Will+ rMut rCorr}
   (You found it on level 10 of a ziggurat)

   It protects you from fire.
   It protects you from cold.
   It insulates you from electricity.
   It protects you from poison.
   It protects you from negative energy.
   It protects you from acid and corrosion.
   It protects you from mutation.
   It increases your willpower.
 K - the +6 tower shield of Mesum (worn) {rN+ Slay+3}
   (You took it off a daeva in Pandemonium)

   It affects your accuracy and damage with ranged weapons and melee attacks
   (+3).
   It protects you from negative energy.
Jewellery
 r - the amulet "Cesin" {rF+ Regen+ Int+3 SInv}
   (You found it on level 27 of a ziggurat)

   [amulet of regeneration]

   It affects your intelligence (+3).
   It protects you from fire.
   It lets you see invisible.
   It increases your rate of health regeneration.
 A - the ring "Ujatieto" (right claw) {rPois MP+9 Int+3 Slay+2}
   (You found it on level 13 of a ziggurat)

   [ring of magical power]

   It affects your intelligence (+3).
   It affects your accuracy and damage with ranged weapons and melee attacks
   (+2).
   It protects you from poison.
   It affects your magic capacity (+9).
 F - the amulet of the Four Winds {rN+ Will+++ Clar}
   (You found it on level 16 of a ziggurat)

   [amulet of nothing]

   It protects you from negative energy.
   It protects you against confusion.
   It greatly increases your willpower.
 I - a +4 ring of slaying (left claw)
 Q - the amulet "Esayrghou" (around neck) {Acrobat Slay+3}
   (You found it on level 9 of the Dungeon)

   [amulet of the acrobat]

   It increases your evasion while moving and waiting.
   It affects your accuracy and damage with ranged weapons and melee attacks
   (+3).
Wands
 p - a wand of iceblast (58)
 L - a wand of acid (65)
 M - a wand of digging (24)
 N - a wand of paralysis (87)
 O - a wand of mindburst (63)
Scrolls
 b - 22 scrolls of blinking
 f - 94 scrolls of identify
 h - 54 scrolls of teleportation
 o - 3 scrolls of summoning
 q - 24 scrolls of amnesia
 u - 26 scrolls of fog
 w - 12 scrolls of enchant weapon
 x - 15 scrolls of magic mapping
 z - 18 scrolls of enchant armour
 D - 2 scrolls of silence
 U - 7 scrolls of holy word
 X - 2 scrolls of acquirement
Potions
 e - 51 potions of curing
 g - 15 potions of might
 j - 7 potions of flight
 k - 3 potions of resistance
 m - 15 potions of heal wounds
 v - 17 potions of magic
 C - 8 potions of ambrosia
 J - 8 potions of cancellation
 V - 6 potions of experience
 Y - 23 potions of mutation
Miscellaneous
 t - 2 +1 figurines of a ziggurat
 E - a tin of tremorstones (inert)
 R - a box of beasts
 W - a phantom mirror
 Z - a condenser vane


   Skills:
 * Level 26.2 Fighting
 + Level 20.1 Throwing
 * Level 16.0 Armour
 * Level 26.4 Dodging
 + Level 12.8 Stealth
 + Level 22.2 Shields
 O Level 27 Unarmed Combat
 * Level 24.6 Spellcasting
 * Level 13.2 Conjurations
 * Level 4.7 Summonings
 + Level 21.3 Necromancy
 * Level 16.5 Translocations
 + Level 20.1 Transmutations
 + Level 9.4 Fire Magic
 + Level 3.3 Air Magic
 * Level 26.0 Earth Magic
 + Level 3.1 Poison Magic
 - Level 13.0 Invocations
 * Level 13.7 Evocations


You had 11 spell levels left.
You knew the following spells:

 Your Spells              Type           Power      Damage    Failure   Level
a - Statue Form           Tmut/Erth      72%        N/A       0%          6
b - Manifold Assault      Tloc           94%        N/A       0%          5
e - Apportation           Tloc           100%       N/A       0%          1
f - Necromutation         Tmut/Necr      51%        N/A       1%          8
g - Orb of Destruction    Conj           43%        9d14      2%          7
h - Shatter               Erth           57%        3d43*     1%          9
i - Irradiate             Conj/Tmut      47%        3d29      0%          5
j - Disjunction           Tloc           47%        N/A       5%          8
k - Spellforged Servitor  Conj/Summ      37%        N/A       17%         7
z - Lehudib's Crystal Sp  Conj/Erth      50%        10d12     1%          8

Your spell library contained the following spells:

 Spells                   Type           Power      Damage    Failure   Level
 Animate Skeleton         Necr           100%       N/A       0%          1
 Beastly Appendage        Tmut           100%       N/A       0%          1
 Foxfire                  Conj/Fire      100%       2x1d9     0%          1
 Magic Dart               Conj           100%       1d8       0%          1
 Sandblast                Erth           100%       2d20      0%          1
 Shock                    Conj/Air       100%       1d9       0%          1
 Sting                    Tmut/Pois      100%       1d8       0%          1
 Blink                    Tloc           N/A        N/A       0%          2
 Corpse Rot               Necr/Air       N/A        N/A       0%          2
 Passwall                 Tmut/Erth      90%        N/A       0%          2
 Searing Ray              Conj           100%       3d7       0%          2
 Sublimation of Blood     Necr           52%        N/A       0%          2
 Wereblood                Tmut           100%       N/A       0%          2
 Conjure Flame            Conj/Fire      81%        6-21      0%          3
 Gell's Gravitas          Tloc           47%        N/A       0%          3
 Ignite Poison            Fire/Tmut/Pois 80%        N/A       0%          3
 Lesser Beckoning         Tloc           47%        N/A       0%          3
 Spider Form              Tmut/Pois      41%        N/A       0%          3
 Stone Arrow              Conj/Erth      100%       3d13      0%          3
 Teleport Other           Tloc           94%        N/A       0%          3
 Vampiric Draining        Necr           52%        2d13      0%          3
 Animate Armour           Summ/Erth      100%       N/A       0%          4
 Animate Dead             Necr           52%        N/A       0%          4
 Dispel Undead            Necr           100%       3d31      0%          4
 Iskenderun's Mystic Bla  Conj/Tloc      90%        2d18      0%          4
 Passage of Golubria      Tloc           N/A        N/A       0%          4
 Petrify                  Tmut/Erth      100%       N/A       0%          4
 Agony                    Necr           100%       N/A       0%          5
 Bolt of Magma            Conj/Fire/Erth 47%        4d19      0%          5
 Borgnjor's Vile Clutch   Necr/Erth      54%        N/A       0%          5
 Excruciating Wounds      Necr           52%        N/A       0%          5
 Hydra Form               Tmut           51%        N/A       0%          5
 Lee's Rapid Deconstruct  Erth           57%        3d27*     0%          5
 Death Channel            Necr           52%        N/A       0%          6
 Corona                   Hex            40%        N/A       1%          1
 Freeze                   Ice            100%       1d11      1%          1
 Summon Small Mammal      Summ           100%       N/A       1%          1
 Call Imp                 Summ           60%        N/A       1%          2
 Ensorcelled Hibernation  Hex/Ice        72%        N/A       1%          2
 Poisonous Vapours        Pois/Air       100%       N/A       1%          2
 Slow                     Hex            36%        N/A       1%          2
 Swiftness                Air            54%        N/A       1%          2
 Call Canine Familiar     Summ           60%        N/A       1%          3
 Confusing Touch          Hex            36%        N/A       1%          3
 Dazzling Flash           Conj/Hex       100%       N/A       1%          3
 Frozen Ramparts          Ice            72%        1d9       1%          3
 Inner Flame              Hex/Fire       60%        N/A       1%          3
 Mephitic Cloud           Conj/Pois/Air  66%        N/A       1%          3
 Ozocubu's Armour         Ice            36%        N/A       1%          3
 Portal Projectile        Hex/Tloc       100%       N/A       1%          3
 Static Discharge         Conj/Air       72%        N/A       1%          3
 Summon Guardian Golem    Hex/Summ       50%        N/A       1%          3
 Tukima's Dance           Hex            36%        N/A       1%          3
 Airstrike                Air            27%        N/A       1%          4
 Fulminant Prism          Conj/Hex       33%        3d16      1%          4
 Hailstorm                Conj/Ice       66%        3d14      1%          4
 Ice Form                 Ice/Tmut       77%        N/A       1%          4
 Leda's Liquefaction      Hex/Erth       43%        N/A       1%          4
 Olgreb's Toxic Radiance  Pois           53%        N/A       1%          4
 Sticky Flame             Conj/Fire      81%        2d9       1%          4
 Summon Lightning Spire   Summ/Air       57%        N/A       1%          4
 Alistair's Intoxication  Tmut/Pois      54%        N/A       1%          5
 Fireball                 Conj/Fire      40%        3d16      1%          5
 Iskenderun's Battlesphe  Conj           86%        2d13      1%          5
 Lightning Bolt           Conj/Air       36%        1d54      1%          5
 Summon Forest            Summ/Tloc      39%        N/A       1%          5
 Yara's Violent Unravell  Hex/Tmut       38%        3d15      1%          5
 Blade Hands              Tmut           51%        N/A       1%          6
 Dispersal                Tloc           47%        N/A       1%          6
 Eringya's Noxious Bog    Tmut/Pois      41%        N/A       1%          6
 Iron Shot                Conj/Erth      50%        9d10      1%          6
 Simulacrum               Ice/Necr       39%        N/A       1%          6
 Starburst                Conj/Fire      40%        8x6d12    1%          6
 Dragon Form              Tmut           51%        N/A       1%          7
 Borgnjor's Revivificati  Necr           52%        N/A       1%          8
 Infestation              Necr           52%        N/A       1%          8
 Summon Ice Beast         Ice/Summ       50%        N/A       2%          4
 Haunt                    Necr/Summ      43%        N/A       2%          7
 Conjure Ball Lightning   Conj/Air       36%        3x3d12    3%          6
 Cause Fear               Hex            18%        N/A       8%          4
 Summon Mana Viper        Hex/Summ       50%        N/A       8%          5
 Malign Gateway           Summ/Tloc      39%        N/A       8%          7
 Silence                  Hex/Air        23%        N/A       11%         5
 Freezing Cloud           Conj/Ice/Air   31%        6-21      12%         6
 Death's Door             Necr           52%        N/A       13%         9
 Shadow Creatures         Summ           N/A        N/A       17%         6
 Metabolic Englaciation   Hex/Ice        18%        N/A       22%         5
 Monstrous Menagerie      Summ           30%        N/A       69%         7
 Summon Hydra             Summ           30%        N/A       69%         7
 Ignition                 Fire           38%        3d11      75%         8
 Invisibility             Hex            36%        N/A       78%         6
 Chain Lightning          Conj/Air       36%        N/A       88%         8
 Ozocubu's Refrigeration  Ice            18%        4d8       100%        7
 Discord                  Hex            18%        N/A       100%        8
 Summon Horrible Things   Summ           30%        N/A       100%        8
 Absolute Zero            Ice            18%        ∞         100%        9
 Dragon's Call            Summ           30%        N/A       100%        9
 Fire Storm               Conj/Fire      40%        8d10      100%        9
 Tornado                  Air            27%        N/A       100%        9


Dungeon Overview and Level Annotations

Branches:
Dungeon (15/15)            Temple (1/1) D:7            Lair (6/6) D:10
 Shoals (4/4) Lair:3        Snake (4/4) Lair:4        Slime (5/5) Lair:6
    Orc (2/2) D:10            Elf (3/3) Orc:2        Vaults (5/5) D:13
  Crypt (3/3) Vaults:2       Tomb (3/3) Crypt:3      Depths (5/5) D:15
   Hell (visited)             Dis (7/7) Hell            Geh (7/7) Hell
    Coc (7/7) Hell            Tar (7/7) Hell            Zot (5/5) Depths:5

Altars:
Ashenzari
Cheibriados
Dithmenos
Elyvilon
Fedhas
Gozag
Hepliaklqana
Kikubaaqudgha
Makhleb
Nemelex Xobeh
Okawaru
Qazlal
Ru
Sif Muna
Trog
Uskayaw
Vehumet
Wu Jian
Xom
Yredelemnul
Zin
The Shining One
Beogh

Shops:
D:4 [   D:10 (   D:11 !   D:15 *   Orc:2 [:(*   Elf:3 =::*   Shoals:4 [
Snake:3 ?[!=   Vaults:4 (!   Depths:4 *

Portals:
Hell: Depths:1 Depths:2 Depths:3 Depths:4 Depths:5
Abyss: Depths:3 Depths:4
Pandemonium: Depths:3

Annotations:
D:9 2 transporters
Lair:5 exclusion: 3 oklob plants
Lair:6 2 transporters, Morbidden's ghost, journeyman SpVM
Zot:5 1 exclusion


Innate Abilities, Weirdness & Mutations

You are too large for most types of armour.
You have claws for hands.
Your natural rate of healing is unusually fast.
You are covered in fur. (AC +1)
You have tough skin. (AC +1)
You have very sharp teeth.
You are surrounded by a mild repulsion field. (EV +2)
You are partially covered in molten scales. (AC +2)
Your flesh is heat resistant. (rF+)
Your spells are a little easier to cast, but a little less powerful.


Message History

Your magical contamination has completely faded away.
You see here a phantom mirror.
Done exploring.
Done exploring.
Done exploring.
Done exploring.
Done exploring.
You see here +0 ice dragon scales.
You see here +0 ice dragon scales.
You see here a +0 battleaxe of freezing.
You see here a +1 battleaxe of freezing.
You see here a book of the Earth.
You see here a +5 giant club.
You see here the +6 scale mail of the Eagle {Str-3 Int+4 Stlth+}.
There is a gate leading back out of this place here.
You see here a +4 ring of protection.
You see here a phantom mirror.
You can't go down here!
There is a gate leading back out of this place here.
You see here a +4 ring of protection.
You have passed through the Ziggurat.
Zot will hunt you nevermore.
Welcome back to the Depths!
There is an empty arch of ancient stone here.
You see here a +1 figurine of a ziggurat.
t - 2 +1 figurines of a ziggurat (gained 1) Done exploring.
Done exploring.
Done exploring.
Unknown command.
Save game and exit?
Welcome back, Morbidden the Troll Hunter.
Cheibriados says: Take it easy.
Press ? for a list of commands and other information.
Unknown command.
Save game and exit?
Welcome back, Morbidden the Troll Hunter.
Cheibriados says: Take it easy.
Press ? for a list of commands and other information.
Unknown command.
Are you sure you want to abandon this character and quit the game? (Confirm with "yes".)

.#.#..............#.##.#####.#.°.
.................####### #.#..[
...#.........#.#### #.#...
###...........###.### #.#°°.
####...........#....#### #.#...
.####...........#......### #.#°..
#####..........##........###.#.°.
#.###.........###........#.#.#.°.
..######.....##.@...=........#.°.
#(#######....#.......∩...#...####
##########....................=..
##)..(#####......................
####.######......................
#.##.##.###......................
........######...................
#.##.##.#######.......[..........
####.##.########............}....


There were no monsters in sight!

Vanquished Creatures
  Cerebov (Pan)
  Antaeus (Coc:7)
  Asmodeus (Geh:7)
  the Royal Jelly (Slime:5)
  Gloorx Vloq (Pan)
  A seraph (Pan)
  Ereshkigal (Tar:7)
  the Serpent of Hell (Coc:7)
  Lom Lobon (Pan)
  Dispater (Dis:7)
  Mnoleg (Pan)
  A dread lich (Zig:15)
  3 ancient liches
  2 orbs of fire
  Khufu (Tomb:2)
  Mennas (Depths:5)
  13 juggernauts
  27 royal mummies
  69 shard shrikes
  Boris (thrice) (Depths:5 Crypt:3 Tomb:3)
  Bai Suzhen (Crypt:1)
  11 pandemonium lords
  A curse toe (Zot:4)
  Saint Roka (Depths:2)
  Geryon (Hell)
  20 golden dragons
  A profane servitor (Crypt:3)
  Nikola (Depths:3)
  98 Brimstone Fiends
  14 iron giants
  2 pearl dragons (Pan)
  24 doom hounds
  95 Tzitzimimeh
  52 bone dragons
  3 electric golems
  22 tentacled monstrosities
  Rupert (D:12)
  2 hellephants
  Jorgrun (Shoals:2)
  22 Hell Sentinels
  66 Ice Fiends
  24 liches
  5 Orb Guardians (Zot:5)
  Asterion (Vaults:1)
  13 deep elf blademasters
  9 titans
  The ghost of Vajiomis the Wrestler, an adept TrFi of Okawaru (Elf:2)
  63 acid blobs
  2 krakens
  11 deep elf master archers
  33 tentacled starspawn
  11 quicksilver dragons
  45 Executioners
  31 ancient champions
  5 tengu reavers
  11 sphinxes
  Gastronok (Lair:1)
  10 storm dragons
  Kirke (D:15)
  Polyphemus (Shoals:2)
  6 death cobs
  34 azure jellies
  Roxanne (Snake:4)
  6 draconian monks
  12 shadow dragons
  35 daevas
  6 revenants
  31 nagarajas
  22 frost giants
  Donald (Shoals:2)
  12 deep elf sorcerers
  17 fire giants
  4 draconian scorchers
  5 draconian knights
  3 ghost moths
  79 balrugs
  10 curse skulls
  12 iron dragons
  16 vault wardens
  5 draconian shifters
  57 angels
  26 orc warlords
  Aizul (Snake:4)
  19 warmongers
  31 cacodemons
  28 stone giants
  11 black suns (Pan)
  A caustic shrike skeleton (Zig:15)
  14 ironbound preservers
  12 deep elf elementalists
  8 ghouls
  5 draconian stormcallers
  185 reapers
  3 juggernaut zombies
  2 spriggan defenders (Depths:4)
  11 draconian annihilators
  3 juggernaut skeletons
  23 war gargoyles
  4 elemental wellsprings (Coc:7)
  32 ophanim
  11 green draconians
  40 very ugly things
  6 bennus
  18 blood saints
  65 apis (Pan)
  18 corrupters
  27 deep elf demonologists
  12 black draconians
  Nessos (D:12)
  23 deep elf annihilators
  The ghost of Betzan the Spear-Bearer, a journeyman DgFi (D:15)
  2 bunyips (Zig:10)
  4 spark wasps (Depths:2)
  9 red draconians
  6 dire elephants
  A dire elephant (shapeshifter) (Vaults:5)
  17 vampire knights
  7 yellow draconians
  12 white draconians
  3 eleionomae
  16 ettins
  11 purple draconians
  12 lorocyprocas
  3 crystal guardians
  5 merfolk javelineers
  9 deep elf death magi
  3 eidola
  28 green deaths
  9 fire dragons
  6 merfolk impalers (Shoals:4)
  18 removed death oozes
  2 shambling mangroves (Zig:19)
  26 quicksilver dragon zombies
  18 deep elf high priests
  4 kraken zombies
  12 yaktaur captains
  26 great orbs of eyes
  28 jiangshi
  62 blizzard demons
  27 mummy priests
  10 monstrous demonspawn (Pan)
  Erolcha (D:12)
  13 rakshasas
  15 quicksilver dragon skeletons
  23 naga warriors
  10 hell beasts
  13 ogre magi
  8 ghost crabs
  37 vault guards
  The ghost of mishael the Spear-Bearer, a journeyman MfGl of Okawaru (D:10)
  17 hydras
  8 boulder beetles
  45 ice dragons
  5 spriggan air magi
  4 catoblepae
  An alligator snapping turtle (Shoals:3)
  35 two-headed ogres
  7 death knights
  Erica (D:8)
  A merfolk avatar (Shoals:1)
  A merfolk aquamancer (Shoals:2)
  7 spriggan berserkers
  43 dancing weapons
  68 death scarabs
  2 alligators (Zig:19)
  10 deep troll shamans
  16 vampire magi
  17 anacondas
  23 naga sharpshooters
  11 death yaks
  4 centaur warriors
  11 shock serpents
  A spectral dire elephant (Crypt:3)
  22 titan zombies
  4 tengu warriors
  8 deep troll earth magi
  96 hell hogs
  12 orc high priests
  8 spriggans
  21 storm dragon zombies
  102 soul eaters
  46 thrashing horrors
  Nergalle (Lair:4)
  27 deep elf knights
  205 sun demons
  17 iron golems
  150 hell knights
  Sonja (D:13)
  17 titan skeletons
  22 iron trolls
  2 goliath frogs (Zig:19)
  25 deep trolls
  24 wretched stars
  34 sixfirhies
  4 salamander mystics
  306 skeletal warriors
  10 spatial maelstroms
  31 cherubim (Pan)
  16 storm dragon skeletons
  7 unseen horrors
  13 shadow wraiths
  4 spriggan druids
  2 quicksilver dragon simulacra
  A bunyip zombie (Crypt:1)
  13 infernal demonspawn (Pan)
  A sea snake (shapeshifter) (Vaults:2)
  33 anaconda zombies
  8 ghost moth zombies
  38 flayed ghosts
  3 spark wasp zombies
  10 death drakes
  14 glowing orange brains
  65 shadow demons
  17 golden dragon zombies
  3 sphinx zombies
  9 sea snakes
  A lindwurm (shapeshifter) (Vaults:5)
  19 shadow dragon zombies
  126 large abominations
  A bog body (Zig:10)
  6 tengu zombies
  18 gelid demonspawn (Pan)
  15 torturous demonspawn (Pan)
  12 wizards
  2 orange crystal statues
  5 swamp dragons
  18 wolf spider zombies
  22 harpies
  14 deep elf archers
  4 lindwurms
  3 obsidian statues
  44 necromancers
  44 phantasmal warriors
  13 naga ritualists
  8 ironbound convokers
  20 anaconda skeletons
  49 deep elf zephyrmancers
  20 golden dragon skeletons
  26 stone giant zombies
  10 mana vipers
  24 cyclopes
  20 orc knights
  19 frost giant zombies
  A goliath frog zombie (Crypt:1)
  17 orc sorcerers
  3 tengu skeletons
  66 ugly things
  46 deep elf pyromancers
  3 will-o-the-wisps
  21 iron dragon zombies
  19 shining eyes
  18 shadow dragon skeletons
  4 wolf spiders
  33 fire giant zombies
  16 manticores
  40 moths of wrath
  A faun (Shoals:1)
  9 salamanders
  15 fire giant skeletons
  5 shock serpent zombies
  2 moths of wrath (shapeshifter) (Vaults:2)
  Joseph (D:7)
  A shining eye (shapeshifter) (Vaults:2)
  3 worldbinders
  4 ice statues
  32 naga magi
  8 elephants
  6 titan simulacra
  12 frost giant skeletons
  11 guardian serpents
  4 torpor snails
  A torpor snail (shapeshifter) (Depths:3)
  9 vault sentinels
  25 dire elephant zombies
  8 water nymphs
  19 iron dragon skeletons
  8 merfolk sirens
  18 stone giant skeletons
  147 smoke demons
  15 molten gargoyles
  47 black mambas
  95 rust devils
  A black draconian zombie (Dis:1)
  4 shock serpent skeletons
  A minotaur zombie (Crypt:1)
  107 hellions
  A yaktaur zombie (Vaults:2)
  Maggie (D:8)
  2 gargoyles
  16 spectral swamp worms
  12 eyes of devastation
  4 storm dragon simulacra
  10 komodo dragons
  21 cane toads
  52 orange demons
  4 apocalypse crabs
  17 dire elephant skeletons
  17 rime drakes
  2 catoblepas zombies
  24 yaktaurs
  A kobold demonologist (D:11)
  A komodo dragon (shapeshifter) (Vaults:2)
  41 efreet
  5 catoblepas skeletons
  116 freezing wraiths
  158 tormentors
  36 demonic crawlers
  15 emperor scorpion zombies
  2 tengu conjurers
  7 anaconda simulacra
  114 ice devils
  A purple draconian skeleton (Geh:4)
  10 harpy zombies
  149 red devils
  A ghost moth simulacrum (Coc:7)
  3 polar bears
  21 ancient zymes
  51 hydra zombies
  59 hellwings
  A golden dragon simulacrum (Zig:27)
  A minotaur skeleton (Tar:3)
  11 silent spectres
  17 trolls
  2 bloated husks
  37 guardian mummies
  23 merfolk
  2 shadow dragon simulacra
  A death yak skeleton (Crypt:2)
  A queen bee (shapeshifter) (Vaults:3)
  10 hornets
  2 tyrant leeches
  3 meliai (D:15)
  A pale draconian skeleton (Crypt:1)
  2 wind drakes
  29 hydra skeletons
  A wolf spider simulacrum (Crypt:1)
  16 blink frogs
  A slime creature (shapeshifter) (Vaults:5)
  A spectral meliai (D:10)
  140 slime creatures
  16 alligator zombies
  2 iron dragon simulacra (Zig:27)
  11 fire dragon zombies
  2 harpy skeletons
  20 ice dragon zombies
  A blink frog (shapeshifter) (Vaults:4)
  33 raiju
  8 snapping turtles
  2 fire giant simulacra
  A stone giant simulacrum (Coc:3)
  20 dream sheep
  30 ettin zombies
  An air elemental (Zig:26)
  21 ice dragon skeletons
  3 frost giant simulacra
  2 spriggan simulacra (Zig:27)
  9 black mamba zombies
  8 alligator skeletons
  Sigmund (D:3)
  4 wyverns
  98 wraiths
  475 flying skulls
  70 ynoxinuls
  2 dire elephant simulacra
  19 ettin skeletons
  17 water elementals
  114 shadows
  7 vampires
  71 yaks
  38 small abominations
  26 ushabtiu
  14 fire dragon skeletons
  2 basilisks
  8 fire bats
  A fire bat (shapeshifter) (Vaults:4)
  50 fire elementals
  2 humans (shapeshifter)
  15 humans (D:13)
  Eustachio (D:6)
  4 black mamba skeletons
  2 golden eyes (shapeshifter)
  12 golden eyes
  59 neqoxecs
  5 hogs (D:15)
  9 spatial vortices
  A steam dragon (Lair:2)
  9 vampire mosquitoes
  A basilisk (shapeshifter) (Vaults:1)
  64 chaos spawn
  4 merfolk zombies
  A removed soldier ant (D:11)
  50 nagas
  3 deep troll zombies
  A monstrous demonspawn zombie (Crypt:1)
  17 wargs
  2 harpy simulacra
  5 human zombies
  A swamp worm (shapeshifter) (Vaults:1)
  2 acid dragons
  20 cane toad zombies
  A torturous demonspawn skeleton (Coc:6)
  16 water moccasins
  5 floating eyes
  7 hydra simulacra
  203 hell hounds
  3 sky beasts
  3 merfolk skeletons
  6 swamp drakes (Depths:5)
  14 cane toad skeletons
  An elephant zombie (Crypt:2)
  A swamp drake (shapeshifter) (D:14)
  31 ice beasts
  79 orc warriors
  3 black bears
  12 swamp dragon zombies
  An elf simulacrum (Zig:27)
  A hornet zombie (D:12)
  39 ogres
  126 starcursed masses
  2 alligator simulacra
  4 ettin simulacra
  2 fire dragon simulacra
  A dream sheep zombie (Crypt:2)
  7 manticore zombies
  88 necrophages
  34 removed eyes of draining
  12 snapping turtle zombies
  11 centaurs
  2 boggarts
  An elephant skeleton (Crypt:2)
  23 wolves
  5 manticore skeletons
  19 snapping turtle skeletons
  4 swamp dragon skeletons
  6 kobold brigands
  38 phantoms
  A draconian zombie (Crypt:2)
  16 elf zombies
  A palentonga zombie (Crypt:2)
  14 bullfrogs
  2 earth elementals
  3 cane toad simulacra
  A wyvern zombie (D:14)
  A glowing shapeshifter simulacrum (Zig:27)
  A spriggan zombie (Geh:7)
  4 elf skeletons
  6 scorpions
  A water moccasin skeleton (Crypt:1)
  4 troll zombies
  19 killer bees
  A manticore simulacrum (Coc:3)
  2 troll skeletons
  230 wights
  5 spriggan skeletons
  7 howler monkeys
  2 electric eels (Lair:5)
  19 crimson imps
  2 human simulacra
  7 centaur zombies
  2 quasits
  2 bullfrog zombies
  Crazy Yiuf (D:5)
  5 hounds
  2 jellies
  33 orc priests
  98 iron imps
  6 centaur skeletons
  3 bullfrog skeletons
  6 iguanas
  34 orc wizards
  7 human skeletons
  5 removed worker ants
  8 hell rats
  2 bullfrog simulacra (D:10)
  3 naga skeletons
  2 ogre skeletons
  A hound zombie (D:5)
  80 mummies
  Robin (D:2)
  A howler monkey zombie (D:6)
  3 gnolls (Orc:1)
  A howler monkey skeleton (D:8)
  25 adders
  30 shadow imps
  57 white imps
  7 ufetubi
  An endoplasm (D:2)
  A worm zombie (Crypt:1)
  An adder zombie (D:5)
  An adder skeleton (D:8)
  5 worms
  3 dart slugs
  109 orcs
  9 removed leopard geckos
  9 ball pythons
  5 bats
  8 giant cockroaches
  15 goblins
  2 hobgoblins (D:1)
  28 jackals
  4 quokkas
  5 frilled lizards
  A hobgoblin skeleton (Crypt:2)
  A hobgoblin zombie (Crypt:1)
  23 kobolds
  2 kobold skeletons
  A kobold zombie (Geh:1)
  2 orc skeletons
  3 orc zombies
  2 rats (D:2)
  A removed leopard gecko skeleton (Crypt:2)
  2 ball lightnings (Pan)
  A bush (Lair:5)
  A lurking horror (Abyss:2)
  32 starspawn tentacles
  19 tentacles
10294 creatures vanquished.

Vanquished Creatures (collateral kills)
  A reaper (Dis:6)
  A removed death ooze (Slime:5)
  A naga sharpshooter (Snake:4)
  A sea snake (Shoals:4)
4 creatures vanquished.

Vanquished Creatures (others)
  An eldritch tentacle (Pan)
  An elemental wellspring (Coc:2)
  A deep elf demonologist (Zig:26)
  A yaktaur captain (Vaults:2)
  A shambling mangrove (Zig:19)
  A naga warrior (Snake:4)
  A hell hog (Geh:2)
  A swamp dragon (Zig:19)
  2 necromancers (Geh:1)
  A fire giant zombie (Geh:7)
  2 slime creatures (Slime:1)
  A smoke demon (Pan)
  A bloated husk (Zig:19)
  A tyrant leech (Zig:19)
  2 blink frogs (Lair:2)
  A raiju (Zig:3)
  A flying skull (Geh:2)
  A water elemental (Coc:3)
  3 shadows
  A human (D:13)
  A neqoxec (Pan)
  A chaos spawn (Pan)
  A cane toad zombie (Geh:5)
  An ogre (Vaults:3)
  10 wights
  A crimson imp (Geh:1)
  An iron imp (Dis:7)
  2 small abominations
  A tengu skeleton (Geh:4)
  6 ball lightnings (Pan)
  12 demonic plants (Abyss:1)
  10 foxfires
  28 fungi
  A lurking horror (Abyss:4)
  52 plants
  49 starspawn tentacles
  40 tentacles
242 creatures vanquished.

Grand Total: 10540 creatures vanquished

Notes
Turn   | Place    | Note
-------+----------+-------------------------------------------
     0 | D:1      | Morbidden the Troll Hunter began the quest for the Orb.
     0 | D:1      | Reached XP level 1. HP: 19/19 MP: 0/0
    82 | D:1      | Reached XP level 2. HP: 27/27 MP: 1/1
   836 | D:2      | Reached XP level 3. HP: 35/35 MP: 2/2
   869 | D:2      | Noticed Robin
   894 | D:2      | Killed Robin
  1154 | D:2      | Reached XP level 4. HP: 42/42 MP: 3/3
  1394 | D:2      | Reached skill level 1 in Unarmed Combat
  1823 | D:3      | Noticed Sigmund
  1976 | D:3      | Reached skill level 2 in Unarmed Combat
  2019 | D:3      | Reached XP level 5. HP: 49/49 MP: 4/4
  2233 | D:3      | Found an opulent altar of Gozag.
  2285 | D:3      | Killed Sigmund
  2286 | D:3      | Reached skill level 5 in Throwing
  2286 | D:3      | Reached skill level 3 in Unarmed Combat
  2286 | D:3      | Reached XP level 6. HP: 56/59 MP: 5/5
  2588 | D:4      | Found a white marble altar of Elyvilon.
  2699 | D:4      | Identified the ring of Tettijoejayj {rPois Str+4 Int+5
                  | SInv}
  2852 | D:4      | Reached XP level 7. HP: 65/66 MP: 6/6
  2853 | D:4      | Found Fonyixemn's Antique Armour Shoppe.
  2871 | D:4      | Bought a glowing robe for 74 gold pieces
  3112 | D:4      | Reached skill level 4 in Unarmed Combat
  3232 | D:4      | Reached skill level 1 in Stealth
  3350 | D:5      | Entered Level 5 of the Dungeon
  3390 | D:5      | Found a runed translucent door.
  3391 | D:5      | Noticed Crazy Yiuf
  3990 | D:5      | Found a broken altar of Ashenzari.
  4174 | D:5      | Reached skill level 5 in Unarmed Combat
  4237 | D:5      | Killed Crazy Yiuf
  4370 | D:6      | Reached XP level 8. HP: 69/72 MP: 7/7
  4476 | D:6      | Identified the +7 quarterstaff of Grandeur {antimagic,
                  | Str+4}
  4837 | D:6      | Found a sacrificial altar of Ru.
  4837 | D:6      | Noticed Eustachio
  4853 | D:6      | Killed Eustachio
  4854 | D:6      | Reached skill level 6 in Unarmed Combat
  4976 | D:6      | Found a hazy altar of Hepliaklqana.
  5200 | D:7      | Noticed Joseph
  5224 | D:7      | Killed Joseph
  5225 | D:7      | Reached skill level 7 in Unarmed Combat
  5225 | D:7      | Reached XP level 9. HP: 21/84 MP: 8/8
  5512 | D:7      | Found a stormy altar of Qazlal.
  5515 | D:7      | Found a burning altar of Makhleb.
  5520 | D:7      | Found a blossoming altar of Fedhas.
  5770 | D:7      | Found a staircase to the Ecumenical Temple.
  5781 | Temple   | Entered the Ecumenical Temple
  5833 | Temple   | Became a worshipper of Cheibriados the Contemplative
  5852 | D:7      | Reached skill level 8 in Unarmed Combat
  6228 | D:8      | Noticed Maggie
  6237 | D:8      | Killed Maggie
  6248 | D:8      | Noticed Erica
  6338 | D:8      | Reached skill level 5 in Fighting
  6338 | D:8      | Reached skill level 1 in Spellcasting
  6490 | D:8      | Killed Erica
  6490 | D:8      | Reached * piety under Cheibriados
  6491 | D:8      | Reached skill level 5 in Dodging
  6491 | D:8      | Reached skill level 9 in Unarmed Combat
  6863 | D:9      | Reached XP level 10. HP: 96/96 MP: 11/11
  6886 | D:9      | Noticed a red ugly thing
  6902 | D:9      | Killed a red ugly thing
  7261 | D:9      | Found a shadowy altar of Dithmenos.
  7416 | D:9      | Found a broken altar of Ashenzari.
  7445 | D:9      | Reached ** piety under Cheibriados
  7519 | D:9      | Noticed a manticore
  7530 | D:9      | Killed a manticore
  7663 | D:9      | Identified the amulet "Esayrghou" {Acrobat Slay+3}
  7785 | D:9      | Reached skill level 10 in Unarmed Combat
  7892 | D:9      | Found a transporter.
  7893 | D:9      | Found a transporter.
  7894 | D:9      | Noticed a boulder beetle
  8178 | D:10     | Entered Level 10 of the Dungeon
  8178 | D:10     | Found Ofead's Weapon Shoppe.
  8178 | D:10     | Found a staircase to the Orcish Mines.
  8178 | D:10     | Noticed an orc knight
  8178 | D:10     | Noticed an orc knight
  8229 | D:10     | Noticed a two-headed ogre
  8242 | D:10     | Killed a two-headed ogre
  8243 | D:10     | Reached XP level 11. HP: 66/105 MP: 13/13
  8284 | D:9      | Killed an orc knight
  8466 | D:10     | Reached *** piety under Cheibriados
  8479 | D:10     | Identified the +2 robe of an ossuary {+Blink Int+3}
  8588 | D:10     | Noticed an unseen horror
  8595 | D:10     | Killed an unseen horror
  8596 | D:10     | Reached skill level 1 in Evocations
  8728 | D:10     | Killed an orc knight
  8820 | D:10     | Found a runed translucent gate.
  8820 | D:10     | Found a runed translucent gate.
  8820 | D:10     | Found a runed translucent gate.
  8820 | D:10     | Noticed mishael's ghost (journeyman MfGl)
  8845 | D:10     | Reached skill level 1 in Armour
  9078 | D:10     | Found a staircase to the Lair.
  9227 | D:10     | Found a broken altar of Ashenzari.
  9322 | D:11     | Found Ter Igoa's Distillery.
  9364 | D:11     | Reached **** piety under Cheibriados
  9600 | D:11     | Reached skill level 11 in Unarmed Combat
  9833 | D:12     | Noticed a cyan ugly thing
  9836 | D:12     | Noticed a green ugly thing
  9841 | D:12     | Killed a cyan ugly thing
  9848 | D:12     | Killed a green ugly thing
  9863 | D:12     | Noticed Nessos
  9867 | D:12     | Reached skill level 1 in Invocations
  9867 | D:12     | Reached XP level 12. HP: 96/115 MP: 16/16
  9883 | D:12     | Killed Nessos
  9966 | D:12     | Noticed Erolcha
 10140 | D:12     | Reached ***** piety under Cheibriados
 10256 | Lair:1   | Entered Level 1 of the Lair of Beasts
 10365 | Lair:1   | Noticed Gastronok
 10374 | Lair:1   | Killed Gastronok
 10506 | Lair:1   | Identified the +2 quarterstaff of Tumult {vorpal, rN+}
 11049 | Lair:2   | Noticed a four-headed hydra
 11056 | Lair:2   | Killed a four-headed hydra
 11198 | Lair:2   | Reached skill level 12 in Unarmed Combat
 11203 | Lair:2   | Noticed a six-headed hydra
 11207 | Lair:2   | Killed a six-headed hydra
 11467 | Lair:2   | Reached XP level 13. HP: 84/127 MP: 18/18
 12201 | Lair:3   | Found a staircase to the Shoals.
 12846 | Lair:4   | Learned a level 2 spell: Poisonous Vapours
 12907 | Lair:4   | Reached ****** piety under Cheibriados
 12922 | Lair:4   | Found a staircase to the Snake Pit.
 12922 | Lair:4   | Noticed Nergalle
 12933 | Lair:4   | Killed Nergalle
 13355 | Snake:1  | Entered Level 1 of the Snake Pit
 13433 | Lair:5   | Paralysed by a floating eye for 4 turns
 13628 | Lair:5   | Learned a level 1 spell: Apportation
 13777 | Lair:5   | Reached skill level 1 in Poison Magic
 13875 | Lair:5   | Reached skill level 5 in Spellcasting
 13945 | Lair:5   | Reached skill level 1 in Air Magic
 14437 | Lair:6   | Entered Level 6 of the Lair of Beasts
 14485 | Lair:6   | Found a transporter.
 14749 | Lair:6   | Found a staircase to the Slime Pits.
 14803 | Lair:6   | Reached skill level 5 in Invocations
 14809 | Lair:6   | Reached skill level 10 in Throwing
 14809 | Lair:6   | Reached XP level 14. HP: 118/137 MP: 12/20
 15107 | Lair:6   | Noticed Morbidden's ghost (journeyman SpVM)
 15123 | Lair:6   | Found a transporter.
 15444 | Lair:6   | Reached skill level 13 in Unarmed Combat
 15717 | Lair:6   | Identified the +7 broad axe of Bodily Harmony {freeze, +Inv
                  | rF- Will+}
 16062 | D:12     | Killed Erolcha
 16420 | D:13     | Found a gate to the Vaults.
 16420 | D:13     | Noticed Rupert
 16420 | D:13     | Noticed Sonja
 16421 | D:13     | Killed Sonja
 16430 | D:12     | Killed Rupert
 16770 | D:13     | Reached XP level 15. HP: 146/146 MP: 23/23
 18360 | D:15     | Entered Level 15 of the Dungeon
 18384 | D:15     | Found Reqil's Assorted Antiques.
 18676 | D:15     | Noticed Kirke
 18688 | D:15     | Killed Kirke
 18689 | D:15     | Reached skill level 14 in Unarmed Combat
 18713 | D:15     | Found a runed translucent door.
 19044 | D:15     | Noticed Betzan's ghost (journeyman DgFi)
 19231 | D:15     | Cast into level 2 of the Abyss (a wizard)
 19435 | Abyss:2  | Paralysed by accursed screaming for 1 turns
 19506 | Abyss:2  | Found a corrupted altar of Lugonu.
 19626 | D:15     | Escaped the Abyss
 19648 | D:15     | Found a staircase to the Depths.
 19651 | D:15     | Reached XP level 16. HP: 158/158 MP: 25/25
 19658 | D:15     | Reached skill level 10 in Fighting
 19803 | Orc:1    | Entered Level 1 of the Orcish Mines
 20616 | Orc:2    | Entered Level 2 of the Orcish Mines
 21118 | Orc:2    | Found Lapnekew's Antique Weapon Emporium.
 21322 | Orc:2    | Found Efosoic's Book Emporium.
 21507 | Orc:2    | Found a staircase to the Elven Halls.
 21560 | Orc:2    | Found Edilaqa's Antique Armour Emporium.
 21575 | Orc:2    | Found Zybaox's General Store.
 22705 | Snake:2  | Reached skill level 15 in Unarmed Combat
 22870 | Snake:2  | Learned a level 3 spell: Ignite Poison
 23065 | Snake:2  | You fall into a shaft and drop 1 floor!
 23099 | Snake:3  | Found a sparkling altar of Nemelex Xobeh.
 23262 | Snake:3  | Identified the +1 leather armour "Iczyv" {*Contam Harm
                  | Slay+4 SInv}
 23278 | Snake:3  | Reached skill level 1 in Transmutations
 23531 | Snake:2  | Reached XP level 17. HP: 167/167 MP: 27/27
 24037 | Snake:3  | Found Ollej's Antique Armour Boutique.
 24059 | Snake:3  | Found Aboluss's Magic Scroll Boutique.
 24066 | Snake:3  | Bought a scroll of magic mapping for 42 gold pieces
 24066 | Snake:3  | Bought a scroll of magic mapping for 42 gold pieces
 24066 | Snake:3  | Bought a scroll of magic mapping for 42 gold pieces
 24066 | Snake:3  | Bought a scroll of blinking for 90 gold pieces
 24182 | Snake:3  | Found Fatserim's Jewellery Emporium.
 24220 | Snake:3  | Found Wisimeqo's Jewellery Emporium.
 24280 | Snake:3  | Found Qefakhlu's Distillery.
 24552 | Snake:4  | Entered Level 4 of the Snake Pit
 24883 | Snake:4  | Reached skill level 5 in Armour
 24961 | Snake:4  | Noticed Roxanne
 25000 | Snake:4  | Noticed Aizul
 25007 | Snake:4  | Killed Aizul
 25014 | Snake:4  | Killed Roxanne
 25124 | Snake:4  | Learned a level 6 spell: Statue Form
 25577 | Snake:4  | Reached skill level 1 in Earth Magic
 26232 | Snake:4  | Got a serpentine rune of Zot
 26260 | Snake:4  | Reached XP level 18. HP: 112/179 MP: 28/28
 26514 | Shoals:1 | Entered Level 1 of the Shoals
 26938 | Shoals:1 | Identified a scroll of acquirement
 26938 | Shoals:1 | Acquired a manual of Spellcasting
 27528 | Shoals:2 | Noticed Donald
 27539 | Shoals:2 | Killed Donald
 27614 | Shoals:2 | Noticed Polyphemus
 27629 | Shoals:2 | Killed Polyphemus
 27691 | Shoals:2 | Noticed Jorgrun
 27703 | Shoals:2 | Killed Jorgrun
 28103 | Shoals:3 | Acquired the +0 hat of Intuition {Harm Regen+}
 28753 | Shoals:4 | Entered Level 4 of the Shoals
 29258 | Shoals:4 | Reached skill level 10 in Invocations
 29320 | Shoals:4 | Got a barnacled rune of Zot
 29518 | Shoals:4 | Found Odereg's Antique Armour Emporium.
 29986 | Vaults:1 | Entered Level 1 of the Vaults
 30111 | Vaults:1 | Reached XP level 19. HP: 187/187 MP: 30/30
 30299 | Vaults:1 | Identified the +1 kite shield of Ifuqogin {+Fly rPois}
 30299 | Vaults:1 | Noticed Asterion
 30315 | Vaults:1 | Killed Asterion
 30435 | Vaults:1 | Identified the +3 leather armour of Ulijoe {rF+ rC++ Int-4}
 31198 | Vaults:2 | Reached skill level 5 in Earth Magic
 31298 | Vaults:2 | Reached skill level 10 in Dodging
 31302 | Vaults:2 | Reached skill level 5 in Transmutations
 31408 | Vaults:2 | Found a staircase to the Crypt.
 31763 | Vaults:2 | Paralysed by an ogre mage for 5 turns
 31782 | Vaults:2 | Reached skill level 16 in Unarmed Combat
 32582 | Vaults:2 | Identified the amulet of Raziveatt {RegenMP Will+ MP+9
                  | Str+4}
 32604 | Vaults:2 | Identified the +9 short sword of Death {pain, Int+6}
 32613 | Vaults:2 | Reached XP level 20. HP: 144/197 MP: 16/32
 33376 | Vaults:3 | Reached skill level 15 in Throwing
 33916 | Vaults:3 | Reached skill level 10 in Spellcasting
 34364 | Vaults:3 | Cast into level 1 of the Abyss (orc knight)
 34568 | Abyss:2  | Found a corrupted altar of Lugonu.
 34657 | Abyss:2  | Identified the -6 cloak of Hide-and-Seek {rN+ rCorr Int-4}
 34807 | Vaults:3 | Escaped the Abyss
 35071 | Vaults:4 | Reached XP level 21. HP: 188/203 MP: 34/34
 35239 | Vaults:4 | Identified the +3 arbalest of the Wheel {penet, Int+4}
 35463 | Vaults:4 | Found Rag Ushe's Weapon Shop.
 35663 | Vaults:4 | Found Liesockown's Distillery.
 35681 | Vaults:4 | Bought a potion of heal wounds for 100 gold pieces
 35681 | Vaults:4 | Bought a potion of magic for 160 gold pieces
 35681 | Vaults:4 | Bought a potion of curing for 60 gold pieces
 35681 | Vaults:4 | Bought a potion of curing for 60 gold pieces
 36079 | Vaults:5 | Entered Level 5 of the Vaults
 36287 | Elf:1    | Entered Level 1 of the Elven Halls
 36289 | Elf:1    | Reached skill level 17 in Unarmed Combat
 37052 | Elf:1    | Identified the Volume of Unholy Rituals
 37491 | Elf:2    | Found a runed translucent gate.
 37491 | Elf:2    | Found a runed translucent gate.
 37501 | Elf:2    | Found a runed translucent gate.
 37538 | Elf:2    | Found a large runed translucent door.
 37538 | Elf:2    | Found a large runed translucent door.
 37592 | Elf:2    | Found a portal to a secret trove of treasure.
 37834 | Elf:2    | Noticed Vajiomis's ghost (adept TrFi)
 37912 | Elf:2    | Killed Vajiomis's ghost
 37915 | Elf:2    | Identified the +3 broad axe "Jydonoru" {flame, Will+ Str+3}
 38015 | Elf:3    | Entered Level 3 of the Elven Halls
 38173 | Elf:3    | Found Ejarrolo's Assorted Antiques.
 38202 | Elf:3    | Found Jucanij's Jewellery Emporium.
 38202 | Elf:3    | Found Noikakk's Book Boutique.
 38203 | Elf:3    | Found Miunon's Book Boutique.
 38481 | Elf:3    | Identified the +1 leather armour of Light {SInv}
 38600 | Elf:3    | Identified the +10 mace of Yshrylu {vorpal, rF+ Stlth+}
 38680 | Elf:3    | Reached XP level 22. HP: 217/217 MP: 35/35
 38685 | Elf:3    | Cast into level 3 of the Abyss (a deep elf demonologist)
 38772 | Abyss:3  | Gained mutation: Scrolls take you a little longer to read.
                  | [a cacodemon]
 38798 | Elf:3    | Escaped the Abyss
 38890 | Elf:3    | Paralysed by an orc sorcerer for 6 turns
 38944 | Elf:3    | Identified the +0 robe of the Planets {-Cast Rampage
                  | Regen+}
 39381 | Elf:3    | Identified the +6 chain mail "Seciteir" {rN+ Dex+7 Stlth+}
 39660 | Depths:1 | Entered Level 1 of the Depths
 39661 | Depths:1 | Lost mutation: Scrolls take you a little longer to read.
                  | [potion of mutation]
 39661 | Depths:1 | Gained mutation: You are agile. (Dex +2) [potion of
                  | mutation]
 39661 | Depths:1 | Gained mutation: Scrolls take you a little longer to read.
                  | [potion of mutation]
 39661 | Depths:1 | Gained mutation: You are frail. (-10% HP) [potion of
                  | mutation]
 39661 | Depths:1 | Gained mutation: Your flesh is cold resistant. (rC+)
                  | [potion of mutation]
 39662 | Depths:1 | Lost mutation: You are agile. (Dex +2) [potion of mutation]
 39662 | Depths:1 | Lost mutation: Your flesh is cold resistant. (rC+) [potion
                  | of mutation]
 39662 | Depths:1 | Lost mutation: Scrolls take you a little longer to read.
                  | [potion of mutation]
 39662 | Depths:1 | Lost mutation: You are frail. (-10% HP) [potion of
                  | mutation]
 39662 | Depths:1 | Gained mutation: You have a pair of small horns on your
                  | head. [potion of mutation]
 39662 | Depths:1 | Gained mutation: You are clumsy. (Dex -2) [potion of
                  | mutation]
 39662 | Depths:1 | Gained mutation: You are robust. (+10% HP) [potion of
                  | mutation]
 39662 | Depths:1 | Gained mutation: You have large cloven feet. [potion of
                  | mutation]
 39947 | Depths:1 | Found a gateway to Hell.
 40906 | Depths:2 | Noticed Saint Roka
 40920 | Depths:2 | Killed Saint Roka
 41189 | Depths:2 | Found a snail-covered altar of Cheibriados.
 41912 | Depths:2 | Noticed a juggernaut
 41918 | Depths:2 | Killed a juggernaut
 41959 | Depths:2 | Noticed a golden dragon
 41969 | Depths:2 | Killed a golden dragon
 42010 | Depths:2 | Found the +9 staff of Olgreb {rPois∞}
 42135 | Depths:3 | Found a one-way gate to the infinite horrors of the Abyss.
 42143 | Depths:3 | Found a gateway to a ziggurat.
 42151 | Depths:3 | Reached XP level 23. HP: 178/249 MP: 37/37
 42194 | Depths:3 | Found a flickering gateway to a bazaar.
 42206 | Bazaar   | Entered a bazaar
 42220 | Bazaar   | Found Luunaeq's Distillery.
 42225 | Bazaar   | Bought a potion of mutation for 88 gold pieces
 42225 | Bazaar   | Bought a potion of mutation for 88 gold pieces
 42250 | Bazaar   | Found Onnounai's Distillery.
 42254 | Bazaar   | Bought a potion of heal wounds for 50 gold pieces
 42263 | Bazaar   | Found Meyworeg's Magic Scroll Shoppe.
 42285 | Bazaar   | Found Ossuruh's Magic Scroll Shoppe.
 42293 | Bazaar   | Bought a scroll of acquirement for 312 gold pieces
 42293 | Bazaar   | Bought a scroll of enchant armour for 45 gold pieces
 42293 | Bazaar   | Bought a scroll of teleportation for 18 gold pieces
 42293 | Bazaar   | Bought a scroll of teleportation for 18 gold pieces
 42293 | Bazaar   | Bought a scroll of magic mapping for 21 gold pieces
 42295 | Bazaar   | Acquired 839 gold pieces
 42299 | Bazaar   | Bought a scroll of silence for 45 gold pieces
 42325 | Bazaar   | Bought a scroll of teleportation for 27 gold pieces
 42325 | Bazaar   | Bought a scroll of teleportation for 27 gold pieces
 42325 | Bazaar   | Bought a scroll of fear for 31 gold pieces
 42325 | Bazaar   | Bought 2 scrolls of fear for 63 gold pieces
 42342 | Bazaar   | Bought 2 potions of curing for 60 gold pieces
 42342 | Bazaar   | Bought a potion of curing for 30 gold pieces
 42372 | Bazaar   | Bought a potion of curing for 33 gold pieces
 42372 | Bazaar   | Bought a potion of might for 44 gold pieces
 42372 | Bazaar   | Bought a potion of curing for 33 gold pieces
 42372 | Bazaar   | Bought a potion of curing for 33 gold pieces
 42936 | Depths:3 | Noticed Nikola
 42945 | Depths:3 | Killed Nikola
 43000 | Depths:3 | Noticed a juggernaut
 43005 | Depths:3 | Killed a juggernaut
 43172 | Depths:3 | Reached skill level 18 in Unarmed Combat
 43367 | Depths:3 | Found a one-way gate leading to the halls of Pandemonium.
 43541 | Depths:4 | Found Samomoz's Assorted Antiques.
 43646 | Depths:4 | Acquired a +2 tower shield of reflection
 43947 | Depths:4 | Identified the +3 morningstar of Plog {flame, *Slow Will+++
                  | Dex+4}
 44110 | Depths:4 | You fall into a shaft and drop 1 floor!
 44110 | Depths:5 | Entered Level 5 of the Depths
 44889 | Depths:5 | Learned a level 5 spell: Manifold Assault
 44920 | Depths:5 | Reached skill level 1 in Translocations
 44920 | Depths:5 | Reached skill level 10 in Earth Magic
 45080 | Depths:5 | Noticed Boris
 45088 | Depths:5 | Killed Boris
 45089 | Depths:5 | Reached XP level 24. HP: 260/260 MP: 34/38
 45401 | Depths:5 | Noticed Mennas
 45416 | Depths:5 | Killed Mennas
 46532 | Depths:5 | Found a gate to the Realm of Zot.
 48153 | Vaults:5 | Noticed an ancient lich
 48163 | Vaults:4 | Reached XP level 25. HP: 172/265 MP: 38/38
 48368 | Vaults:4 | Killed an ancient lich
 48435 | Vaults:5 | Reached skill level 10 in Transmutations
 48444 | Vaults:5 | Reached skill level 19 in Unarmed Combat
 49193 | Vaults:5 | Got a silver rune of Zot
 49446 | Vaults:5 | Found the +2 hood of the Assassin {Detection Stab+ Stlth++}
 49507 | Vaults:5 | Identified the +1 cloak of the Boiling Point {rElec Dex+2}
 49626 | Vaults:5 | Reached skill level 5 in Translocations
 49877 | Vaults:5 | Identified Sif Muna's Incunabulum of Moulding
 49984 | Vaults:5 | Found the +1 cloak of Starlight {*Dazzle EV+4 Stlth--}
 50404 | Crypt:1  | Entered Level 1 of the Crypt
 50419 | Crypt:1  | Reached skill level 5 in Stealth
 50538 | Crypt:1  | Noticed Bai Suzhen
 50549 | Crypt:1  | Killed Bai Suzhen
 51215 | Crypt:2  | Found a basalt altar of Yredelemnul.
 52048 | Crypt:2  | Identified Tani's Tome of Dusty Lightness
 52333 | Crypt:3  | Entered Level 3 of the Crypt
 52418 | Crypt:3  | Reached XP level 26. HP: 286/286 MP: 39/39
 52423 | Crypt:3  | Identified the +4 scale mail of the Skies Above {rPois rF-
                  | rC+++ Will+}
 52464 | Crypt:3  | Noticed Boris
 52470 | Crypt:3  | Killed Boris
 52649 | Crypt:3  | Found a basalt altar of Yredelemnul.
 53089 | Crypt:3  | Found a staircase to the Tomb.
 53380 | Crypt:3  | Found the +9 sword of Zonguldrok {reap}
 53381 | Crypt:3  | Found the ring of Shadows {Umbra +Inv Stlth+}
 53839 | Hell     | Entered the Vestibule of Hell
 53839 | Hell     | Noticed Geryon
 53850 | Hell     | Killed Geryon
 54172 | Hell     | Upgraded the game from 0.27-a0-543-gd81048afd2 to
                  | 0.27-a0-585-g945025970d
 54228 | Hell     | Found a gateway to the freezing wastes of Cocytus.
 54425 | Hell     | Found a gateway to the ashen valley of Gehenna.
 54511 | Hell     | Found a gateway to the decaying netherworld of Tartarus.
 54732 | Hell     | Reached skill level 15 in Fighting
 54888 | Hell     | Found a gateway to the Iron City of Dis.
 55440 | Zot:1    | Entered Level 1 of the Realm of Zot
 55878 | Zot:1    | Reached skill level 20 in Unarmed Combat
 56244 | Zot:1    | You fall into a shaft and drop 1 floor!
 56322 | Zot:2    | Reached XP level 27. HP: 297/297 MP: 34/39
 56329 | Zot:2    | Reached skill level 15 in Dodging
 56501 | Zot:2    | Identified the +4 kite shield of Yddesip {+Inv Will++
                  | Str+5}
 56666 | Zot:2    | Identified the +6 triple sword "Ruqup" {speed, Dex+4}
 56668 | Zot:2    | Reached skill level 1 in Shields
 56668 | Zot:2    | Noticed an orb of fire
 56673 | Zot:2    | HP: 19/386 [frost giant/bolt of cold (29)]
 56931 | Zot:2    | Identified the +7 war axe "Idod Kai" {pain, Dex+4}
 57490 | Zot:2    | Killed an orb of fire
 57979 | Zot:2    | Acquired the +5 tower shield "Adyoffeth" {rElec Will- rCorr
                  | Dex+4}
 59385 | Zot:4    | Identified the +9 arbalest of the Snake Pit {flame, *Contam
                  | Int+4 Dex+2}
 59799 | Zot:4    | Reached skill level 5 in Shields
 60003 | Zot:5    | Entered Level 5 of the Realm of Zot
 60197 | Zot:5    | Noticed an orb of fire
 60205 | Zot:5    | Killed an orb of fire
 60608 | Slime:1  | Entered Level 1 of the Pits of Slime
 63075 | Slime:5  | Entered Level 5 of the Pits of Slime
 63359 | Slime:5  | Noticed the Royal Jelly
 63365 | Slime:5  | Killed the Royal Jelly
 63366 | Slime:5  | Reached skill level 21 in Unarmed Combat
 63376 | Slime:5  | Lost mutation: You are robust. (+10% HP) [a shining eye]
 63377 | Slime:5  | Gained mutation: Your magical capacity is low. (-10% MP) [a
                  | shining eye]
 63421 | Slime:5  | Identified the Compendium of Lethal Dislocation
 63506 | Slime:5  | Got a slimy rune of Zot
 63507 | Slime:5  | Identified the ring of Heampe {rN++ Will+}
 63876 | Slime:5  | Lost mutation: Your magical capacity is low. (-10% MP)
                  | [potion of mutation]
 63876 | Slime:5  | Gained mutation: Your mind is acute. (Int +2) [potion of
                  | mutation]
 63876 | Slime:5  | Gained mutation: Your flesh is heat resistant. (rF+)
                  | [potion of mutation]
 63876 | Slime:5  | Gained mutation: Your system is resistant to poisons.
                  | (rPois) [potion of mutation]
 63876 | Slime:5  | Gained mutation: Your flesh is very heat resistant. (rF++)
                  | [potion of mutation]
 64227 | Geh:1    | Entered Level 1 of Gehenna
 64266 | Geh:1    | Reached skill level 1 in Necromancy
 65738 | Geh:2    | Reached skill level 5 in Necromancy
 67360 | Geh:3    | Reached skill level 15 in Spellcasting
 68336 | Geh:3    | Reached skill level 15 in Earth Magic
 69278 | Geh:4    | Reached skill level 22 in Unarmed Combat
 70361 | Geh:5    | Reached skill level 10 in Necromancy
 70406 | Geh:5    | Noticed an ancient lich
 70418 | Geh:5    | Killed an ancient lich
 70593 | Geh:5    | You fall into a shaft and drop 1 floor!
 71637 | Geh:3    | Reached skill level 10 in Shields
 72276 | Geh:5    | Noticed an ancient lich
 72279 | Geh:5    | Killed an ancient lich
 73147 | Geh:7    | Entered Level 7 of Gehenna
 74279 | Geh:7    | Found the +7 sceptre of Asmodeus
 74279 | Geh:7    | Noticed Asmodeus
 74289 | Geh:7    | Killed Asmodeus
 74290 | Geh:7    | Reached skill level 23 in Unarmed Combat
 74308 | Geh:7    | Got an obsidian rune of Zot
 75140 | Depths:3 | Voluntarily entered the Abyss.
 75149 | Abyss:1  | Found an iron altar of Okawaru.
 75278 | Abyss:1  | Lost mutation: Your mind is acute. (Int +2) [a neqoxec]
 75405 | Abyss:1  | Learned a level 8 spell: Necromutation
 75422 | Abyss:1  | Learned a level 7 spell: Orb of Destruction
 76178 | Abyss:3  | Found a sacrificial altar of Ru.
 76184 | Abyss:3  | Gained mutation: You are occasionally teleported next to
                  | monsters. [a neqoxec]
 76186 | Abyss:3  | Gained mutation: Your spells are a little easier to cast,
                  | but a little less powerful. [a neqoxec]
 76194 | Abyss:3  | Identified the Reference Book on Envenoming and Snow
 76409 | Abyss:3  | Identified the +3 chain mail of Dauhol {*Slow rPois Will+++
                  | Int-4}
 76839 | Abyss:3  | Gained mutation: You are very clumsy. (Dex -4) [a neqoxec]
 76880 | Abyss:4  | Found a corrupted altar of Lugonu.
 76953 | Abyss:4  | Found a corrupted altar of Lugonu.
 76971 | Abyss:4  | Paralysed by accursed screaming for 1 turns
 76979 | Abyss:4  | Paralysed by accursed screaming for 2 turns
 77018 | Abyss:4  | Paralysed by accursed screaming for 1 turns
 77022 | Abyss:4  | Paralysed by accursed screaming for 2 turns
 77156 | Abyss:5  | Entered Level 5 of the Abyss
 77208 | Abyss:5  | Gained mutation: Your magical capacity is low. (-10% MP) [a
                  | neqoxec]
 77393 | Abyss:5  | Found a bloodstained altar of Trog.
 77480 | Abyss:5  | Paralysed by accursed screaming for 1 turns
 77532 | Abyss:5  | Gained mutation: You are dopey. (Int -2) [a neqoxec]
 77549 | Abyss:5  | Found a bloodstained altar of Trog.
 78290 | Abyss:5  | Gained mutation: You occasionally shout uncontrollably at
                  | your foes. [a neqoxec]
 78329 | Abyss:5  | Paralysed by accursed screaming for 1 turns
 78346 | Abyss:5  | Got an abyssal rune of Zot
 78408 | Abyss:5  | Reached skill level 24 in Unarmed Combat
 78447 | Depths:3 | Escaped the Abyss
 78509 | Dis:1    | Entered Level 1 of the Iron City of Dis
 80339 | Dis:3    | You fall into a shaft and drop 3 floors!
 80760 | Dis:6    | HP: 11/284 [reaper/+0 vorpal scythe (11)]
 80962 | Dis:6    | Reached skill level 1 in Conjurations
 83080 | Dis:4    | Found a burning altar of Makhleb.
 83617 | Dis:4    | Reached skill level 25 in Unarmed Combat
 85488 | Dis:5    | Reached skill level 15 in Transmutations
 86201 | Dis:7    | Entered Level 7 of the Iron City of Dis
 86463 | Dis:7    | Learned a level 9 spell: Shatter
 87135 | Dis:7    | Found the +4 staff of Dispater
 87135 | Dis:7    | Noticed Dispater
 87145 | Dis:7    | Killed Dispater
 87199 | Dis:7    | Found the +7 captain's cutlass {speed, disarm}
 88343 | Dis:7    | Got an iron rune of Zot
 88509 | Coc:1    | Entered Level 1 of Cocytus
 88518 | Coc:1    | Reached skill level 26 in Unarmed Combat
 89644 | Coc:1    | Reached skill level 15 in Necromancy
 92191 | Coc:3    | Reached skill level 10 in Stealth
 93935 | Coc:4    | You fall into a shaft and drop 2 floors!
 95358 | Coc:4    | Reached skill level 27 in Unarmed Combat
 97257 | Coc:7    | Entered Level 7 of Cocytus
 97394 | Coc:7    | Reached skill level 15 in Shields
 98482 | Coc:7    | Noticed the Serpent of Hell
 98543 | Coc:7    | Killed the Serpent of Hell
100100 | Coc:7    | Identified the +7 whip of Extermination {venom, rElec rPois
                  | rF- rN++}
100100 | Coc:7    | Noticed Antaeus
100347 | Coc:7    | Killed Antaeus
100348 | Coc:7    | Reached skill level 10 in Translocations
100386 | Coc:7    | Got an icy rune of Zot
100425 | Coc:7    | Identified the +1 ring mail of the Hunter {Rampage +Inv}
101426 | Depths:3 | Lost mutation: You are dopey. (Int -2) [potion of mutation]
101426 | Depths:3 | Lost mutation: Your magical capacity is low. (-10% MP)
                  | [potion of mutation]
101426 | Depths:3 | Lost mutation: Your system is resistant to poisons. (rPois)
                  | [potion of mutation]
101426 | Depths:3 | Gained mutation: You are frail. (-10% HP) [potion of
                  | mutation]
101426 | Depths:3 | Gained mutation: You possess an exceptional clarity of
                  | mind. [potion of mutation]
101427 | Depths:3 | Lost mutation: You occasionally shout uncontrollably at
                  | your foes. [potion of mutation]
101427 | Depths:3 | Lost mutation: You have large cloven feet. [potion of
                  | mutation]
101427 | Depths:3 | Lost mutation: Your spells are a little easier to cast, but
                  | a little less powerful. [potion of mutation]
101427 | Depths:3 | Lost mutation: You have a pair of small horns on your head.
                  | [potion of mutation]
101427 | Depths:3 | Gained mutation: You are partially covered in molten
                  | scales. (AC +2) [potion of mutation]
101427 | Depths:3 | Gained mutation: You can translocate small distances at
                  | will. [potion of mutation]
101427 | Depths:3 | Gained mutation: Your skin changes colour to match your
                  | surroundings (Stealth+). [potion of mutation]
101428 | Depths:3 | Lost mutation: You are frail. (-10% HP) [potion of
                  | mutation]
101428 | Depths:3 | Lost mutation: Your skin changes colour to match your
                  | surroundings (Stealth+). [potion of mutation]
101428 | Depths:3 | Lost mutation: You are very clumsy. (Dex -4) [potion of
                  | mutation]
101428 | Depths:3 | Gained mutation: You have very sharp teeth. [potion of
                  | mutation]
101428 | Depths:3 | Lost mutation: Your flesh is very heat resistant. (rF++)
                  | [potion of mutation]
101428 | Depths:3 | Gained mutation: Your system is resistant to poisons.
                  | (rPois) [potion of mutation]
101431 | Pan      | Entered Pandemonium
101532 | Pan      | Found a white marble altar of Elyvilon.
101878 | Pan      | Found a glowing silver altar of Zin.
101895 | Pan      | Found a glowing golden altar of the Shining One.
101895 | Pan      | Identified the +5 dagger "Gebofapn" {freeze, Dex+5}
101895 | Pan      | Noticed a seraph
103571 | Pan      | Learned a level 5 spell: Irradiate
103739 | Pan      | Killed a seraph
103754 | Pan      | Got a demonic rune of Zot
103756 | Pan      | Identified the ring "Wuemiufo" {rN++ Will+}
103761 | Pan      | Identified the +2 scale mail of the Ward {rC+}
104361 | Pan      | Identified the +0 tower shield "Murchoy" {Rampage}
105241 | Pan      | Found a glowing silver altar of Zin.
105732 | Pan      | Identified the +6 tower shield of Mesum {rN+ Slay+3}
105858 | Pan      | Found a glowing golden altar of the Shining One.
106115 | Pan      | Identified the +5 tower shield of Zyugen {+Blink rPois rF-
                  | Regen+}
106245 | Pan      | Identified the +9 tower shield "Olokh" {Str+3 Dex+3}
106307 | Pan      | Reached skill level 5 in Conjurations
107011 | Pan      | Identified the +6 tower shield of the Sparrow {+Inv rPois
                  | rF+++ rC-}
107099 | Pan      | Glimpsed the power of Zot.
107131 | Pan      | Identified the +0 tower shield of Gifiliy {Str+3 Int+4}
107197 | Depths:3 | Escaped Pandemonium
107406 | Pan      | Entered Pandemonium
107512 | Pan      | Noticed Obbydid the pandemonium lord
107524 | Pan      | Killed Obbydid the pandemonium lord
108136 | Pan      | Entered the realm of Gloorx Vloq.
108359 | Pan      | Noticed Gloorx Vloq
108367 | Pan      | Killed Gloorx Vloq
108422 | Pan      | Got a dark rune of Zot
109443 | Pan      | Found an exit through the horrors of the Abyss.
109718 | Pan      | Noticed Qeproitaa the pandemonium lord
109731 | Pan      | Killed Qeproitaa the pandemonium lord
111268 | Pan      | Found an exit through the horrors of the Abyss.
111618 | Pan      | Noticed Kykitzucw the pandemonium lord
111633 | Pan      | Killed Kykitzucw the pandemonium lord
112389 | Pan      | Reached skill level 1 in Fire Magic
112433 | Pan      | Found an exit through the horrors of the Abyss.
112552 | Pan      | Noticed Wigovvyran the pandemonium lord
112566 | Pan      | Killed Wigovvyran the pandemonium lord
113377 | Pan      | Noticed Sopat the pandemonium lord
113391 | Pan      | Killed Sopat the pandemonium lord
113658 | Pan      | Identified the +3 arbalest of Sabypoups {freeze, Str-5
                  | Int+4 SInv}
113703 | Pan      | Paralysed by a Zot trap for 4 turns
113720 | Pan      | Identified the +7 broad axe of Theory {vamp, +Rage +Inv rC+
                  | Str-2}
114570 | Pan      | Identified the amulet "Liuvinom" {Spirit rF+}
114611 | Pan      | Found a transporter.
114612 | Pan      | Found a transporter.
114961 | Pan      | Found an exit through the horrors of the Abyss.
115153 | Pan      | Identified the +1 helmet of the Many Bones {Stlth+}
115763 | Pan      | Noticed Dothiad the pandemonium lord
115766 | Pan      | Killed Dothiad the pandemonium lord
116073 | Pan      | Found an exit through the horrors of the Abyss.
116469 | Pan      | Entered the realm of Cerebov.
116587 | Pan      | Identified the ring of Usaec {rElec rPois Str+4 Int-2
                  | Dex+6}
116653 | Pan      | Found an exit through the horrors of the Abyss.
118234 | Pan      | Found the +6 sword of Cerebov {flame}
118234 | Pan      | Noticed Cerebov
118250 | Pan      | Killed Cerebov
118397 | Pan      | Identified the Collected Works on Vitriolic Summoning
118568 | Pan      | Identified the +5 scythe "Hell-Harrower" {flame, Will-
                  | Dex+2 Stlth+}
118604 | Pan      | Identified the ring of Seolieri {rF+ Str+5 SInv}
118624 | Pan      | Identified the +5 spear of Impatience {holy, *Rage +Blink
                  | rC- Dex+8}
118745 | Pan      | Got a fiery rune of Zot
119433 | Pan      | Entered the realm of Mnoleg.
119511 | Pan      | Found an exit through the horrors of the Abyss.
120394 | Pan      | Noticed Mnoleg
120405 | Pan      | Killed Mnoleg
121080 | Pan      | Got a glowing rune of Zot
121399 | Pan      | Noticed Ekkie the pandemonium lord
121402 | Pan      | Gained mutation: Your body sometimes deteriorates upon
                  | taking damage. [mutagenic glow]
121415 | Pan      | Killed Ekkie the pandemonium lord
122538 | Pan      | Reached skill level 10 in Armour
122823 | Pan      | Gained mutation: You are weak. (Str -2) [a neqoxec]
122829 | Pan      | Lost mutation: You are clumsy. (Dex -2) [potion of
                  | mutation]
122829 | Pan      | Lost mutation: Your flesh is heat resistant. (rF+) [potion
                  | of mutation]
122829 | Pan      | Lost mutation: You are weak. (Str -2) [potion of mutation]
122829 | Pan      | Lost mutation: Your body sometimes deteriorates upon taking
                  | damage. [potion of mutation]
122829 | Pan      | Gained mutation: Scrolls take you a little longer to read.
                  | [potion of mutation]
122829 | Pan      | Lost mutation: You can translocate small distances at will.
                  | [potion of mutation]
122829 | Pan      | Gained mutation: Your flesh is heat resistant. (rF+)
                  | [potion of mutation]
122830 | Pan      | Lost mutation: You possess an exceptional clarity of mind.
                  | [potion of mutation]
122830 | Pan      | Lost mutation: You are occasionally teleported next to
                  | monsters. [potion of mutation]
122830 | Pan      | Lost mutation: Scrolls take you a little longer to read.
                  | [potion of mutation]
122830 | Pan      | Lost mutation: Your system is resistant to poisons. (rPois)
                  | [potion of mutation]
122830 | Pan      | Gained mutation: You can translocate small distances at
                  | will. [potion of mutation]
122830 | Pan      | Gained mutation: You are surrounded by a mild repulsion
                  | field. (EV +2) [potion of mutation]
123528 | Pan      | Entered the realm of Lom Lobon.
123581 | Pan      | Found an exit through the horrors of the Abyss.
124102 | Pan      | Identified the +2 scale mail "Piyg Itz" {rCorr}
125126 | Pan      | Noticed Lom Lobon
125142 | Pan      | Killed Lom Lobon
125152 | Pan      | Got a magical rune of Zot
125579 | Depths:3 | Escaped Pandemonium
125581 | Depths:3 | Acquired the +3 hat of Pondering {ponderous, Will+ MP+10
                  | Int+5}
125582 | Depths:3 | Found the +3 hat of Pondering {ponderous, Will+ MP+10
                  | Int+5}
125880 | Tar:1    | Entered Level 1 of Tartarus
127023 | Tar:1    | Upgraded the game from 0.27-a0-585-g945025970d to
                  | 0.27-a0-594-g2aaa8dbbc2
127303 | Tar:1    | Learned a level 8 spell: Disjunction
129049 | Tar:3    | You fall into a shaft and drop 1 floor!
129471 | Tar:3    | You fall into a shaft and drop 3 floors!
132136 | Tar:4    | Reached skill level 5 in Evocations
134433 | Tar:7    | Entered Level 7 of Tartarus
136546 | Tar:7    | Identified the +7 bardiche "Akokyt" {venom, rPois rN+
                  | Str+3}
136753 | Tar:7    | Noticed Ereshkigal
136767 | Tar:7    | Killed Ereshkigal
137082 | Tar:7    | Identified the Papyrus of the Compass and Summoning
137092 | Tar:7    | Got a bone rune of Zot
137095 | Tar:7    | Identified the +1 plate armour of Kopsiofrobb {rCorr}
137097 | Tar:7    | Identified the +7 chain mail of Recklessness {rF+}
137236 | Tar:7    | Identified the +0 pair of boots of Sharp the Good {Dex+5}
138580 | D:10     | Killed mishael's ghost
138725 | Elf:2    | You showed the slimy rune of Zot to enter a treasure trove
138726 | Trove    | Entered a treasure trove
139601 | D:15     | Killed Betzan's ghost
139744 | Pan      | Entered Pandemonium
139809 | Pan      | Noticed Xaocumm the pandemonium lord
139817 | Pan      | Killed Xaocumm the pandemonium lord
139985 | Pan      | Found an exit through the horrors of the Abyss.
140592 | Pan      | Found an exit through the horrors of the Abyss.
140632 | Pan      | Noticed Vible the pandemonium lord
140636 | Pan      | Killed Vible the pandemonium lord
141646 | Pan      | Reached skill level 10 in Conjurations
141775 | Pan      | Found an exit through the horrors of the Abyss.
142347 | Pan      | Noticed Lulon Ukkae the pandemonium lord
142365 | Pan      | Killed Lulon Ukkae the pandemonium lord
142371 | Pan      | Identified the Volume of Necromancy and Flight
142385 | Depths:3 | Escaped Pandemonium
142761 | Tomb:1   | Entered Level 1 of the Tomb of the Ancients
143128 | Tomb:1   | Noticed a royal mummy
143136 | Tomb:1   | Killed a royal mummy
143310 | Tomb:1   | Noticed a royal mummy
143314 | Tomb:1   | Killed a royal mummy
143315 | Tomb:1   | Noticed a royal mummy
143317 | Tomb:1   | Noticed a royal mummy
143317 | Tomb:1   | Noticed a royal mummy
143321 | Tomb:1   | Noticed a royal mummy
143629 | Tomb:1   | Noticed a royal mummy
143643 | Tomb:1   | Killed a royal mummy
143651 | Tomb:1   | Killed a royal mummy
143700 | Tomb:1   | Noticed a royal mummy
143711 | Tomb:1   | Killed a royal mummy
143766 | Tomb:1   | Noticed a royal mummy
143770 | Tomb:1   | Killed a royal mummy
143943 | Tomb:1   | Noticed a royal mummy
143951 | Tomb:1   | Killed a royal mummy
144038 | Tomb:1   | Noticed a royal mummy
144051 | Tomb:1   | Killed a royal mummy
144094 | Tomb:1   | Noticed a royal mummy
144103 | Tomb:1   | Killed a royal mummy
144118 | Tomb:1   | Noticed a royal mummy
144131 | Tomb:1   | Killed a royal mummy
144137 | Tomb:1   | Killed a royal mummy
144152 | Tomb:1   | Killed a royal mummy
144155 | Tomb:1   | Noticed a royal mummy
144162 | Tomb:1   | Killed a royal mummy
144555 | Tomb:3   | Entered Level 3 of the Tomb of the Ancients
144564 | Tomb:3   | Noticed Boris
144573 | Tomb:3   | Noticed a royal mummy
144575 | Tomb:3   | Killed Boris
144591 | Tomb:3   | Reached skill level 10 in Evocations
144622 | Tomb:3   | Noticed a royal mummy
144629 | Tomb:3   | Killed a royal mummy
144631 | Tomb:3   | Noticed a royal mummy
144640 | Tomb:3   | Killed a royal mummy
144654 | Tomb:3   | Noticed a royal mummy
144659 | Tomb:3   | Killed a royal mummy
144660 | Tomb:3   | Reached skill level 15 in Translocations
144672 | Tomb:3   | Noticed a royal mummy
144674 | Tomb:3   | Noticed a royal mummy
144677 | Tomb:3   | Killed a royal mummy
144680 | Tomb:3   | Killed a royal mummy
144686 | Tomb:3   | Killed a royal mummy
144698 | Tomb:3   | Noticed a royal mummy
144716 | Tomb:3   | Killed a royal mummy
144717 | Tomb:3   | Noticed a royal mummy
144779 | Tomb:3   | Noticed a royal mummy
144782 | Tomb:3   | Killed a royal mummy
144787 | Tomb:3   | Killed a royal mummy
145113 | Tomb:3   | Identified the +7 short sword of Yblaiwn {antimagic, +Fly
                  | rN+}
145120 | Tomb:3   | Identified the +3 broad axe of the Snake Pit {flame, rC++
                  | Str-3}
145184 | Tomb:3   | Identified the +10 hand axe "Cucwac" {drain, *Rage rPois
                  | Str+2 Int+3}
145190 | Tomb:3   | Identified the Disquisition on Attacks
145280 | Tomb:3   | Got a golden rune of Zot
145543 | Tomb:2   | Noticed a royal mummy
145546 | Tomb:2   | Killed a royal mummy
145548 | Tomb:2   | Noticed a royal mummy
145548 | Tomb:2   | Identified the +0 kite shield "Koram" {rF- Will+++ Int-2
                  | Dex+5}
145560 | Tomb:2   | Killed a royal mummy
145560 | Tomb:2   | Noticed a royal mummy
145563 | Tomb:2   | Killed a royal mummy
145563 | Tomb:2   | Noticed a royal mummy
145566 | Tomb:2   | Noticed a royal mummy
145568 | Tomb:2   | Noticed Khufu
145575 | Tomb:2   | Killed a royal mummy
145576 | Tomb:2   | Killed a royal mummy
145578 | Tomb:2   | Killed Khufu
146447 | Zig:1    | Entered Level 1 of a ziggurat
146465 | Zig:2    | Entered Level 2 of a ziggurat
146488 | Zig:3    | Entered Level 3 of a ziggurat
146511 | Zig:4    | Entered Level 4 of a ziggurat
146587 | Zig:5    | Entered Level 5 of a ziggurat
146647 | Zig:5    | Noticed Dumevida the pandemonium lord
146653 | Zig:5    | Killed Dumevida the pandemonium lord
146669 | Zig:5    | Identified the Incunabulum of Unstable Summoning
146681 | Zig:6    | Entered Level 6 of a ziggurat
146747 | Zig:6    | Identified the +8 plate armour of Iricagel {Str+3 Dex+3}
146789 | Zig:7    | Entered Level 7 of a ziggurat
146832 | Zig:7    | Identified the +5 long sword "Orb Guardian's Peril"
                  | {freeze, +Fly Dex+4 Stlth+}
146946 | Zig:8    | Entered Level 8 of a ziggurat
147135 | Zig:9    | Entered Level 9 of a ziggurat
147164 | Zig:9    | Reached skill level 5 in Fire Magic
147209 | Zig:10   | Entered Level 10 of a ziggurat
147238 | Zig:10   | Found the -2 hat of the Alchemist {rElec rPois rF+ rC+ rN+
                  | Will+ rMut rCorr}
147258 | Zig:10   | Identified the +9 falchion of Ecempum {elec, Will++}
147269 | Zig:10   | Identified the +5 fustibalus of Irrepressible Laughter
                  | {speed, Str+8}
147279 | Zig:11   | Entered Level 11 of a ziggurat
147341 | Zig:11   | Found the +2 Maxwell's thermic engine {flame, freeze}
147389 | Zig:11   | Identified the +2 robe "Iqouc Hah" {Int+3 Dex+3 Stlth-}
147422 | Zig:12   | Entered Level 12 of a ziggurat
147462 | Zig:12   | Found the +8 frozen axe "Frostbite" {freezing cloud, *Noise
                  | +Fly rC+}
147527 | Zig:13   | Entered Level 13 of a ziggurat
147581 | Zig:13   | Identified the ring "Ujatieto" {rPois MP+9 Int+3 Slay+2}
147614 | Zig:13   | Identified the +11 long sword of the Valley {vorpal, rC++}
147777 | Zig:14   | Entered Level 14 of a ziggurat
147845 | Zig:14   | Identified the ring "Bemulyax" {Str+6 Int+5}
147952 | Zig:14   | Identified the +3 hunting sling "Troll's Death" {venom,
                  | Str+4}
147958 | Zig:15   | Entered Level 15 of a ziggurat
147959 | Zig:15   | Noticed a dread lich
147964 | Zig:15   | Killed a dread lich
148204 | Zig:15   | Identified the +7 quarterstaff "Xizul" {flame, *Corrode rC+
                  | Dex+4 SInv}
148207 | Zig:15   | Identified the +7 great sword of Vemup {drain, Int+3 SInv}
148243 | Zig:16   | Entered Level 16 of a ziggurat
148285 | Zig:16   | Found the amulet of the Four Winds {rN+ Will+++ Clar}
148422 | Zig:16   | Identified the +7 rapier "Hukkun" {antimagic, SInv}
148474 | Zig:17   | Entered Level 17 of a ziggurat
148510 | Zig:17   | Found the +2 hat of the Bear Spirit {Spirit, +Rage rN+
                  | Will++}
148519 | Zig:17   | Identified the Grimoire of Lethal Snow
148604 | Zig:18   | Entered Level 18 of a ziggurat
148696 | Zig:18   | Identified the Papyrus of Execration
148701 | Zig:18   | Identified Zaaris's Primer on the Arcane Arts
148715 | Zig:18   | Identified the +6 shortbow of Mutilation {vorpal, Fragile
                  | Str+5}
148828 | Zig:19   | Entered Level 19 of a ziggurat
148876 | Zig:19   | Found the +8 demon trident "Rift" {distort, reach+}
148884 | Zig:19   | Identified the ring "Diowaept" {+Blink rPois Will- Int+6
                  | Stlth+}
148889 | Zig:19   | Identified the +2 scimitar of Spontaneous Combustion
                  | {vorpal, rF+ Will+ Int+2}
148900 | Zig:19   | Identified the +1 leather armour "Ehuidefias" {-Tele
                  | Rampage rC- rCorr}
148918 | Zig:19   | Identified the +9 morningstar "Orb Guardian's Doom" {vamp,
                  | *Drain rElec Will+ Stlth+}
148975 | Zig:20   | Entered Level 20 of a ziggurat
148999 | Zig:20   | Noticed a juggernaut
149000 | Zig:20   | Noticed a juggernaut
149003 | Zig:20   | Killed a juggernaut
149004 | Zig:20   | Reached skill level 15 in Armour
149011 | Zig:20   | Killed a juggernaut
149014 | Zig:20   | Noticed a juggernaut
149030 | Zig:20   | Killed a juggernaut
149161 | Zig:20   | Identified the amulet of Ibile {RegenMP rPois rC+}
149162 | Zig:20   | Identified the Papyrus of Shape Shifting and Companions
149223 | Zig:21   | Entered Level 21 of a ziggurat
149630 | Zig:21   | Identified the +6 executioner's axe "Joror" {drain, Dex+4}
149631 | Zig:21   | Identified the Handbook of Mutagenic Poison
149651 | Zig:21   | Identified the +8 hunting sling "Cunacowna" {vorpal,
                  | Fragile rN+++ MP+9 Int+3}
149672 | Zig:21   | Identified the +10 scimitar "Esyfigexe" {venom, rF++}
149696 | Zig:22   | Entered Level 22 of a ziggurat
149897 | Zig:22   | Identified the +4 lajatang of Premature Burial {drain, rC+}
149929 | Zig:22   | Identified the +5 ring mail "Noomited" {Str+2}
149935 | Zig:22   | Identified Cuafauge's Grimoire of Dusty Flames
150020 | Zig:23   | Entered Level 23 of a ziggurat
150099 | Zig:23   | Paralysed by a floating eye for 4 turns
150110 | Zig:23   | Paralysed by a floating eye for 2 turns
150125 | Zig:23   | Gained mutation: Your spells are a little easier to cast,
                  | but a little less powerful. [a shining eye]
150318 | Zig:23   | Learned a level 7 spell: Spellforged Servitor
150469 | Zig:23   | Found the +9 heavy crossbow "Sniper" {vorpal, Acc+∞ SInv}
150479 | Zig:23   | Identified the amulet "Futiuwem" {RegenMP +Blink Dex+7}
150490 | Zig:23   | Identified the Incunabulum of the Ashen Compass
150515 | Zig:23   | Learned a level 8 spell: Lehudib's Crystal Spear
150533 | Zig:24   | Entered Level 24 of a ziggurat
150553 | Zig:24   | Noticed a juggernaut
150563 | Zig:24   | Killed a juggernaut
150564 | Zig:24   | Noticed a juggernaut
150571 | Zig:24   | Killed a juggernaut
150572 | Zig:24   | Noticed a juggernaut
150572 | Zig:24   | Noticed a juggernaut
150574 | Zig:24   | Noticed a juggernaut
150581 | Zig:24   | Noticed a juggernaut
150583 | Zig:24   | Killed a juggernaut
150584 | Zig:24   | Reached skill level 1 in Summonings
150584 | Zig:24   | Killed a juggernaut
150584 | Zig:24   | Killed a juggernaut
150586 | Zig:24   | Killed a juggernaut
150595 | Zig:24   | Noticed a juggernaut
150605 | Zig:24   | Noticed a juggernaut
150608 | Zig:24   | Killed a juggernaut
150618 | Zig:24   | Killed a juggernaut
150831 | Zig:24   | Identified the +10 battleaxe "Quenax" {freeze, +Blink rF-
                  | rC+}
150835 | Zig:24   | Identified the +1 ring mail of Immorality {rElec}
150931 | Zig:25   | Entered Level 25 of a ziggurat
151371 | Zig:25   | Identified the ring of Qyeny {*Contam rCorr Dex+6}
151377 | Zig:25   | Identified the +9 glaive "Daapna" {drain, Str+4}
151378 | Zig:25   | Identified the +3 chain mail of Spite {rC+}
151390 | Zig:25   | Identified the Catalogue of the Blaze and the Traveller
151487 | Zig:26   | Entered Level 26 of a ziggurat
151795 | Zig:26   | Found the +13 scythe of Curses {drain, *Drain}
151801 | Zig:26   | Identified the Grimoire of Creative Moulding
151825 | Zig:26   | Identified the Volume of Mutagenic Confrontation
151913 | Zig:26   | Identified the +6 whip "Obilug" {elec, *Drain rN+ MP+9
                  | SInv}
151930 | Zig:27   | Entered Level 27 of a ziggurat
152325 | Zig:27   | Identified the Incunabulum of Mutagenic Battle Magic
152329 | Zig:27   | Identified the amulet "Cesin" {rF+ Regen+ Int+3 SInv}
152341 | Zig:27   | Identified the ring of the Past {Wiz *Contam rN++ SInv}
152351 | Zig:27   | Identified the ring of Ysugaulo {+Fly rPois rF+}
152355 | Zig:27   | Identified the +9 chain mail "Lyzyc" {Dex+2}
152457 | Zig:27   | Identified the +6 scale mail of the Eagle {Str-3 Int+4
                  | Stlth+}
152472 | Depths:3 | Upgraded the game from 0.27-a0-594-g2aaa8dbbc2 to
                  | 0.27-a0-887-gcab673c142
152472 | Depths:3 | Upgraded the game from 0.27-a0-887-gcab673c142 to
                  | 0.27-a0-941-g386ccf399c
152472 | Depths:3 | Quit the game

Illustrated notes

Levels and vault maps discovered:
D:1:      ebering_trefoil_3fold, layout_loops_ring, minmay_misc_feat_columns,
          minmay_tetromino_s2
D:2:      layout_loops_corners, chequers_serial_rivers_small_b, uniq_robin
D:3:      layout_rooms, grunt_gozag_statues, chequers_serial_rivers_micro_a,
          uniq_sigmund
D:4:      layout_basic, kennysheep_mini_moat, serial_shops, shop,
          minmay_snake_closets
D:5:      layout_basic, general_overflow_altar, kennysheep_generic_room_11,
          uniq_crazy_yiuf_cottage
D:6:      layout_cave_pools, lemuel_round_altar,
          nicolae_ru_sacrificial_ziggurat, uniq_eustachio
D:7:      layout_cave_pools, grunt_temple_overflow_diamond,
          minmay_temple_entry_hall, uniq_joseph
D:8:      layout_loops_cross, uniq_maggie, uniq_erica
D:9:      gammafunk_boulding_lane, layout_basic,
          nicolae_dithmenos_through_a_glass_darkly, basic_altar,
          small_statue_intersection
D:10:     layout_cave_pools, lair_entry_dummy, orc_david_3,
          gammafunk_ghost_necromancy, basic_altar, serial_park_tiny_pond,
          minivault_8
D:11:     layout_rooms, serial_shops, nicolae_shop_stone
D:12:     layout_cave_pools, uniq_nessos, uniq_erolcha
D:13:     layout_cave_pools, david_vaults_3, uniq_sonja
D:14:     layout_irregular_city, serial_bayou_pond_c
D:15:     grunt_enter_depths_magical_seal, layout_small_grid,
          gammafunk_ghost_grave, chequers_serial_rivers_room_b, serial_shops,
          shop, dk_noncrumbling_2, uniq_kirke
Temple:   cyrus_circular_temple
Lair:1:   layout_regular_city, uniq_gastronok
Lair:2:   layout_cellular_growth, minivault_11, lemuel_old_faithful,
          serial_bayou_shore_a
Lair:3:   layout_regular_city, minmay_shoals_entry_hut
Lair:4:   layout_misc_corridors, guppyfry_snake_entry_garden,
          lemuel_fruit_fields, lemuel_fruit_tree, uniq_nergalle
Lair:5:   layout_long_grid, nicolae_quartered_pool_super, disabler_island,
          infiniplex_staircase_pool_2
Lair:6:   grunt_lair_end_beastmaster, layout_hall_layers,
          minmay_slime_entry_eyes, gammafunk_ghost_hive, grunt_megastairs_5
Shoals:1: layout_shoals, overgrown_statue
Shoals:2: layout_shoals, uniq_jorgrun, uniq_donald, uniq_polyphemus
Shoals:3: layout_shoals, st_cyclops
Shoals:4: shoals_end_hangedman, layout_shoals, serial_shops,
          nicolae_shop_behind_doors
Snake:1:  layout_rooms
Snake:2:  layout_onion, drop_trap
Snake:3:  layout_onion, basic_altar, serial_shops, shop, shop, shop,
          shop_fountains, nicolae_shop_stone
Snake:4:  snake_pit, layout_rooms, nicolae_snake_springs, uniq_aizul,
          uniq_roxanne
Slime:1:  layout_caves
Slime:2:  layout_caves
Slime:3:  layout_caves
Slime:4:  cheibrodos_slime_lost_civilization_9, layout_caves
Slime:5
Orc:1:    layout_caves, minmay_orc_keep
Orc:2:    grunt_orc_cross, layout_caves
Elf:1:    elf_arrival_002, layout_loops_corners, minmay_elf_necromancy,
          hangedman_elven_crosses_minicolossus
Elf:2:    layout_geoelf_octagon, nicolae_trove_entry_isolated,
          ebering_ghost_disaster_area
Elf:3:    nooodl_elf_gasket, layout_rooms, serial_shops,
          nicolae_shop_waterfront, minmay_shop_grove
Vaults:1: nicolae_vaults_big_angled_halls, nicolae_vaults_network_barrier,
          vaults_standard_mumra_x, hangedman_vaults_restitches,
          hangedman_vaults_nails, grunt_vaults_hallway_short, serial_ice_h,
          ontoclasm_vaults_ring_square, layout_vaults_big_room, uniq_asterion
Vaults:2: minmay_crypt_entry_vampire_xt, grunt_vaults_bifocal, v_alt_pattern_1,
          st_greater_box_4, ontoclasm_vaults_bender,
          nicolae_vaults_network_square, v_rooms_1, v_pattern_3, v_misc_5,
          v_misc_16, nicolae_vaults_shelves_hall,
          nicolae_vaults_mini_display_case, layout_vaults_maze_bifur
Vaults:3: ontoclasm_vaults_shuriken, nicolae_vaults_shelves_hall,
          vaults_mumra_chevron_long, v_pattern_5,
          nicolae_vaults_little_squares_5, grunt_vaults_hallway_short,
          vaults_room_grid, nicolae_vaults_c_with_doors, v_misc_5, v_misc_17,
          nicolae_vaults_little_squares_1, v_alt_pattern_2, v_misc_12,
          vaults_standard_mumra_enter_the_diamond, nicolae_vaults_circle_grid_b,
          layout_vaults_omnibox, uniq_margery
Vaults:4: v_misc_16, vaults_room_boxed, nicolae_vaults_big_ls,
          vaults_mumra_hexcomb, dpeg_vaults_monster_box,
          nicolae_vaults_specimen_jars, vaults_room_mumra_shop_pool,
          nicolae_vaults_yaktaur_gun_rack, layout_vaults_omnigrid, serial_shops,
          shop
Vaults:5: serial_shops
Crypt:1:  layout_gridlike, uniq_bai_suzhen
Crypt:2:  minmay_shadows, layout_misc_corridors, basic_altar, grunt_megastairs_4
Crypt:3:  grunt_crypt_end_deaths_head
Tomb:1
Tomb:2:   uniq_khufu
Tomb:3
Depths:1: layout_basic, hell_entry, minmay_holes, chequers_big_river,
          minmay_door_square, hangedman_decor_clover_reticule,
          chequers_decorated_corner, minmay_pinched_square
Depths:2: minmay_sliced_demisemicircle, layout_gridlike,
          chequers_serial_rivers_micro_a, hell_entry, cheibriados_altar_1,
          uniq_saint_roka
Depths:3: hangedman_cross_veins, layout_cross, enter_ziggurat_e,
          grunt_hell_entry_dis_mu, abyss_entry, serial_shops, bzr_firewalk,
          pan_entry, kennysheep_decorative_pillar, uniq_nikola
Depths:4: minmay_the_grid_triangle_9x9_rhombus_thin_mashed
          [minmay_the_grid_triangle_9x9_corruption,
          minmay_the_grid_triangle_9x9_prize_insulated,
          minmay_the_grid_triangle_9x9_empty,
          minmay_the_grid_triangle_9x9_skeleton], layout_twisted_cross,
          serial_shops, nicolae_shop_overgrown_old_shop,
          chequers_serial_rivers_micro_b, abyss_entry_small_statue_room,
          pf_hell_entry_tar_river, grunt_decor_arrowhead, nrook_loot_triangle,
          minmay_staircase_statues
Depths:5: lemuel_castle_with_subvaults [lemuel_castle_interior_carwin_3],
          layout_basic, moated_statue, grunt_hell_entry_demonic_statue,
          st_stairs_13, drop_trap, minmay_misc_feat_rugged,
          lightli_corner_chamber, uniq_mennas, uniq_boris
Hell
Dis:1:    layout_chaotic_city, grunt_megastairs_2
Dis:2:    layout_chaotic_city
Dis:3:    layout_jigsaw
Dis:4:    kennysheep_iron_temple, layout_gridville
Dis:5:    layout_gridville
Dis:6:    layout_jigsaw, evilmike_ambush [evilmike_ambush_outer_corners,
          evilmike_ambush_inner_cross]
Dis:7:    dis_grunt_layers
Geh:1:    layout_gehenna_lava_caves
Geh:2:    layout_gehenna_lava_caves
Geh:3:    layout_gehenna_pools_triple
Geh:4:    layout_gehenna_lava_caves
Geh:5:    layout_gehenna_pools_box, lemuel_flamethrower_2, grunt_megastairs_1
Geh:6:    layout_gehenna_pools_basic
Geh:7:    geh_grunt_pentagon
Coc:1:    layout_cocytus_water_paths
Coc:2:    layout_cocytus_water_paths
Coc:3:    layout_ice_bergs
Coc:4:    layout_cocytus_delve, grunt_megastairs_3
Coc:5:    layout_cocytus_water_paths
Coc:6:    layout_cocytus_water_paths
Coc:7:    coc_old
Tar:1:    layout_grid_maze
Tar:2:    layout_grid_maze
Tar:3:    layout_honeycomb
Tar:4:    layout_grid_maze
Tar:5:    layout_cathedral_of_symmetry
Tar:6:    layout_honeycomb
Tar:7:    tar_minmay_river
Zot:1:    layout_twisted_circle
Zot:2:    hangedman_zot_vaults_quadrants, layout_concentric_octagons,
          st_stairs_7, st_large_dragon_hoard_1
Zot:3:    kennysheep_blocky_room, layout_misc_corridors
Zot:4:    layout_cathedral_of_symmetry
Zot:5:    layout_misc_corridors, st_stairs_12

Skill      XL: |  1  2  3  4  5  6  7  8  9 10 11 12 13 14 15 16 17 18 19 20 21 22 23 24 25 26 27 |
---------------+----------------------------------------------------------------------------------+-----
Throwing       | 4 5 6 7 8 9 10 11 12 13 14 15 16 17 20 | 20.1
Unarmed Combat | 2 3 5 7 9 10 11 12 13 14 15 16 17 18 19 20 27 | 27.0
Fighting       | 2 3 4 5 6 7 8 9 10 11 12 13 14 15 26 | 26.2
Dodging        | 2 3 4 5 6 7 8 9 10 11 12 13 14 26 | 26.4
Stealth        | 1 2 3 4 5 6 12 | 12.8
Spellcasting   | 1 2 3 4 5 6 7 8 9 10 11 12 13 24 | 24.6
Evocations     | 1 2 3 13 | 13.7
Armour         | 2 3 4 5 6 16 | 16.0
Invocations    | 1 3 5 6 7 8 9 10 11 12 13 | 13.0
Poison Magic   | 2 3 |  3.1
Air Magic      | 1 3 |  3.3
Transmutations | 1 3 4 5 6 7 8 9 10 20 | 20.1
Earth Magic    | 2 4 5 7 8 9 10 11 12 26 | 26.0
Translocations | 1 3 5 6 16 | 16.5
Shields        | 22 | 22.2
Necromancy     | 21 | 21.3
Conjurations   | 13 | 13.2
Fire Magic     | 9 |  9.4
Summonings     | 4 |  4.7

Action                   |  1- 3 |  4- 6 |  7- 9 | 10-12 | 13-15 | 16-18 | 19-21 | 22-24 | 25-27 || total
-------------------------+-------+-------+-------+-------+-------+-------+-------+-------+-------++-------
Melee: Unarmed           |    86 |   160 |   346 |   466 |   562 |   504 |   566 |   461 | 13409 || 16560
       Punch             |       |     1 |    11 |    32 |    70 |    66 |    77 |    40 |    50 ||   347
       Kick              |       |       |       |       |       |       |       |   189 |  2564 ||  2753
       Headbutt          |       |       |       |       |       |       |       |   100 |  1551 ||  1651
       Bite              |       |       |       |       |       |       |       |       |   843 ||   843
Throw: Stone             |    26 |    60 |    14 |       |   380 |   541 |       |       |       ||  1021
       Dart              |       |     3 |     7 |    47 |     1 |     6 |       |     8 |     5 ||    77
       Boomerang         |       |       |     9 |    90 |    56 |   531 |   561 |   194 |   466 ||  1907
       Large rock        |       |       |       |    12 |     8 |       |       |    11 |   358 ||   389
       Throwing net      |       |       |       |     1 |       |       |       |       |       ||     1
       Javelin           |       |       |       |       |     3 |     7 |    59 |    81 |   464 ||   614
 Cast: Poisonous Vapours |       |       |       |       |    27 |    23 |       |       |     1 ||    51
       Apportation       |       |       |       |       |     7 |     1 |       |     1 |     1 ||    10
       Ignite Poison     |       |       |       |       |       |     2 |       |       |       ||     2
       Statue Form       |       |       |       |       |       |       |       |    36 |   401 ||   437
       Manifold Assault  |       |       |       |       |       |       |       |    17 |  1304 ||  1321
       Shatter           |       |       |       |       |       |       |       |       |   214 ||   214
       Necromutation     |       |       |       |       |       |       |       |       |   117 ||   117
       Orb of Destructio |       |       |       |       |       |       |       |       |    18 ||    18
       Irradiate         |       |       |       |       |       |       |       |       |     7 ||     7
       Disjunction       |       |       |       |       |       |       |       |       |     2 ||     2
       Lehudib's Crystal |       |       |       |       |       |       |       |       |     1 ||     1
Invok: Slouch            |       |       |       |       |     4 |    13 |     5 |     6 |    18 ||    46
       Step From Time    |       |       |       |       |       |       |     3 |     1 |     5 ||     9
       Bend Time         |       |       |       |       |       |       |       |     1 |       ||     1
Evoke: Wand              |       |       |     5 |    15 |     1 |       |     2 |     2 |   106 ||   131
       Condenser vane    |       |       |       |       |     1 |     1 |     2 |     2 |    22 ||    28
       Box of beasts     |       |       |       |       |       |     3 |       |     1 |     6 ||    10
       Tin of tremorston |       |       |       |       |       |       |       |     4 |    37 ||    41
       Phantom mirror    |       |       |       |       |       |       |       |       |     7 ||     7
  Use: Scroll            |       |       |     1 |    11 |    15 |    16 |     2 |     4 |    34 ||    83
       Potion            |       |       |       |     6 |       |     2 |     2 |     4 |    27 ||    41
 Stab: Sleeping          |     1 |     1 |     6 |     4 |     3 |     4 |     9 |     2 |    53 ||    83
       Distracted        |       |       |     1 |       |       |     3 |     2 |       |    93 ||    99
       Paralysed         |       |       |       |     5 |       |       |       |       |       ||     5
       Petrified         |       |       |       |       |    10 |       |       |       |       ||    10
       Petrifying        |       |       |       |       |     1 |       |       |       |       ||     1
       Confused          |       |       |       |       |       |     1 |     1 |       |     1 ||     3
       Invisible         |       |       |       |       |       |       |       |       |    86 ||    86
Armor: Robe              |    22 |    42 |   123 |       |       |       |       |       |       ||   187
       Steam dragon scal |       |       |    11 |    57 |       |       |       |       |       ||    68
       Troll leather arm |       |       |       |    99 |   155 |   164 |   144 |    60 |   568 ||  1190
       Skin              |       |       |       |       |       |    13 |       |   123 |  1663 ||  1799
       Shadow dragon sca |       |       |       |       |       |       |       |       |   198 ||   198
Dodge: Dodged            |    42 |   100 |   213 |   470 |   533 |   720 |   567 |   586 |  9262 || 12493
Block: Kite shield       |       |       |       |       |       |       |       |       |  6498 ||  6498
       Tower shield      |       |       |       |       |       |       |       |       |  5787 ||  5787

Table legend: (Time is in decaauts)
 A = Elapsed time spent in this place.
 B = Non-inter-level travel time spent in this place.
 C = Inter-level travel time spent in this place.
 D = Time resting spent in this place.
 E = Time spent auto-exploring this place.
 F = Levels seen in this place.
 G = Mean time per level.
                   A        B        C        D        E       F      G
               +--------+--------+--------+--------+--------+-----+--------+
         Total | 238667 | 222432 |  16235 |   9098 | 153241 | 144 | 1657.4 |
       Dungeon |  19551 |  16036 |   3515 |   1275 |  11361 |  15 | 1303.4 |
        Temple |     69 |     69 |      0 |      0 |     43 |   1 |   69.0 |
          Lair |  10527 |   9210 |   1317 |    100 |   7695 |   6 | 1754.5 |
        Shoals |   5890 |   5480 |    410 |     76 |   3868 |   4 | 1472.5 |
     Snake Pit |   6565 |   6285 |    280 |   1230 |   3719 |   4 | 1641.2 |
    Slime Pits |   5532 |   4876 |    656 |    320 |   3865 |   5 | 1106.4 |
  Orcish Mines |   3258 |   2909 |    349 |     30 |   2212 |   2 | 1629.0 |
   Elven Halls |   6691 |   5914 |    777 |     65 |   4445 |   3 | 2230.3 |
        Vaults |  14889 |  12826 |   2063 |   1617 |   9141 |   5 | 2977.8 |
         Crypt |   6475 |   5715 |    760 |     80 |   4352 |   3 | 2158.3 |
          Tomb |   5101 |   4816 |    285 |    201 |   2740 |   3 | 1700.3 |
        Depths |  15452 |  12726 |   2726 |   1143 |   9067 |   5 | 3090.4 |
          Hell |   2238 |   1873 |    365 |    100 |   1211 |   1 | 2238.0 |
           Dis |  16214 |  15457 |    757 |    135 |  10591 |   7 | 2316.3 |
       Gehenna |  17804 |  17249 |    555 |     77 |  11819 |   7 | 2543.4 |
       Cocytus |  19259 |  18748 |    511 |    371 |  12979 |   7 | 2751.3 |
      Tartarus |  18533 |  18049 |    484 |    180 |  13379 |   7 | 2647.6 |
           Zot |   8752 |   8332 |    420 |    418 |   6533 |   5 | 1750.4 |
         Abyss |   6844 |   6844 |      0 |     45 |   3761 |   9 |  760.4 |
   Pandemonium |  40192 |  40192 |      0 |    936 |  26978 |  16 | 2512.0 |
      Ziggurat |   8398 |   8398 |      0 |    696 |   3475 |  27 |  311.0 |
        Bazaar |    357 |    357 |      0 |      0 |      0 |   1 |  357.0 |
         Trove |     66 |     66 |      0 |      0 |      0 |   1 |   66.0 |
               +--------+--------+--------+--------+--------+-----+--------+

Top non-repeatable levels by time:
   Tar:7: 5240 daAuts
   Coc:7: 4630 daAuts
Depths:3: 3847 daAuts
Depths:5: 3837 daAuts
   Dis:7: 3743 daAuts
Vaults:2: 3580 daAuts
Vaults:4: 3525 daAuts
   Coc:3: 3435 daAuts
   Zot:2: 3333 daAuts
   Geh:5: 3242 daAuts
   Geh:7: 3090 daAuts
   Coc:1: 2966 daAuts
Vaults:5: 2899 daAuts
Depths:1: 2793 daAuts
   Coc:2: 2765 daAuts
